Workbook
Name \a: #REF!
Name \b: #REF!
Name __xlnm._FilterDatabase: #N/A
Name __xlnm.Print_Area: #REF!
Name __xlnm.Print_Area: #REF!
Name __xlnm.Print_Area_4: #N/A
Name __xlnm.Print_Area_5: #REF!
Name __xlnm.Print_Area_5: #REF!
Name __xlnm.Print_Area_6: #REF!
Name __xlnm.Print_Area_6: #REF!
Name _fir1: [8]Encabezamiento!$C$39
Name _fir2: [8]Encabezamiento!$C$40
Name _fir3: [8]Encabezamiento!$C$41
Name _GBN12: #REF!
Name _mes1: '[9]Resumen para contabilidad'!$S$5
Name _pte1: [8]Encabezamiento!$F$45
Name _pte2: [8]Encabezamiento!$F$46
Name _REV2: #REF!
Name _sin1: [11]Encabezamiento!$B$45
Name _sin2: [11]Encabezamiento!$B$46
Name _sin3: [11]Encabezamiento!$B$47
Name _sin4: [11]Encabezamiento!$B$48
Name _soc1: [8]Encabezamiento!$C$45
Name _soc2: [8]Encabezamiento!$C$46
Name _soc3: [8]Encabezamiento!$C$47
Name _soc4: [8]Encabezamiento!$C$48
Name _soc5: [8]Encabezamiento!$C$49
Name _Toc64661108: 'Net Fee Income'!#REF!
Name A_IMPRESION_IM: #REF!
Name A_impresión_IM: #REF!
Name a1.: #REF!
Name aj: '[13]#¡REF'!$A$2:$B$19
Name aq: '[14]Bs.USO Impositivo 2005 Parte 2'!$B$333:$N$353
Name Balance: [15]Balance!$D$1:$E$431
Name Bce_saldos: '[16]Bce Saldos'!$A$7:$F$4006
Name BceSofi: #REF!
Name BceSofi: #REF!
Name BCRAMAY: [17]Mayorista!$D$6:$D$966
Name BCRAMIN: [17]Minorista!$D$6:$D$2313
Name BCRAOTR: [17]Otros!$D$6:$D$3600
Name busos: #REF!
Name CA: #REF!
Name CAPMAY: [17]Mayorista!$G$6:$G$966
Name CAPMIN: [17]Minorista!$G$6:$G$2313
Name CAPOTR: [17]Otros!$G$6:$G$3600
Name cc: '[13]#¡REF'!$A$2:$B$19
Name centros: [9]Códigos!$A$29:$B$43
Name cierre: #REF!
Name cierre1: '[9]Resumen para contabilidad'!$S$3
Name cierre2: '[9]Resumen para contabilidad'!$S$4
Name cierreant: #REF!
Name cinco: #REF!
Name Clave1: '[18]Base Resultados'!$C$2:$C$1184
Name Clave2: [19]BALANCE!$F$3:$F$604
Name Clave3: [19]BALANCE!$H$3:$H$604
Name COD: #REF!
Name codigos: [9]Códigos!$A$2:$D$26
Name CODMENS: '[20]Sumas y saldos'!$I$8:$I$616
Name Coeficientes: #REF!
Name COMMAY: [17]Mayorista!$N$6:$N$966

Sheet SUPV Contact+
C21: Investor Relations Contacts:
C22: Ana Bartesaghi
C23: Treasurer and Investor Relations Officer
C24: 5411-4324-8132
C25: Ana.BARTESAGHI@supervielle.com.ar
C27: Gustavo Tewel
C28: 5411-4324-8158
C29: Gustavo.TEWEL@supervielle.com.ar
C31: Gonzalo Mingrone
C32: 5411-4324-8158
C33: Gonzalo.MINGRONE@supervielle.com.ar
C35: Mariana Bertinat
... C40: www.gruposupervielle.com.

Sheet Highlights
B2: Highlights
B3: (In millions of Ps. stated in terms of the measuring unit current at the end of the reporting period) | H3: % Change
B4: INCOME STATEMENT | C4: 1Q26 | D4: 4Q25 | E4: 3Q25 | F4: 2Q25 | G4: 1Q25 | H4: QoQ | I4: YoY
B5: Net Interest Income | C5: 212623.28 | D5: 267063.35 | E5: 181176.33 | F5: 239255.46 | G5: 196748.58 | H5: -0.20384704 | I5: 0.080685212
B6: NIFFI & Exchange Rate Differences | C6: 42033.046 | D6: 1838.1487 | E6: -33610.532 | F6: 20146.824 | G6: 35873.806 | H6: na | I6: 0.17169183
B7: Net Financial Income | C7: 254656.33 | D7: 268901.5 | E7: 147565.8 | F7: 259402.29 | G7: 232622.39 | H7: -0.052975441 | I7: 0.094719776
B8: Net Service Fee Income (excluding income from insurance activities) | C8: 51712.739 | D8: 57852.095 | E8: 57361.436 | F8: 52723.513 | G8: 60278.951 | H8: -0.10612159 | I8: -0.1421095
B9: Income from Insurance activities | C9: 8798.184 | D9: 9597.2554 | E9: 9450.4834 | F9: 9663.7223 | G9: 11217.805 | H9: -0.083260406 | I9: -0.21569466
B10: RECPPC | C10: -41607.988 | D10: -37924.333 | E10: -34443.267 | F10: -36808.128 | G10: -55524.479 | H10: 0.097131702 | I10: -0.25063704
B11: Loan Loss Provisions | C11: -67613.162 | D11: -118566.81 | E11: -68837.083 | F11: -55623.893 | G11: -42195.988 | H11: -0.42974629 | I11: 0.60235995
B12: Personnel & Administrative Expenses | C12: -170278.24 | D12: -156472.45 | E12: -148229.03 | F12: -151223.03 | G12: -144979.54 | H12: 0.088231437 | I12: 0.17449838
B13: Profit (Loss) before income tax | C13: -22353.593 | D13: -40652.808 | E13: -95876.039 | F13: 17139.277 | G13: 13505.432 | H13: na | I13: na
B14: Attributable Net income (Loss) | C14: -17060.679 | D14: -21368.896 | E14: -59343.533 | F14: 17016.701 | G14: 10526.043 | H14: na | I14: na
B15: Adjusted Attributable Net income (Loss) | C15: 6706.4196
B16: Earnings (Loss) per Share (AR$) | C16: -38.975259 | D16: -48.817397 | E16: -135.57073 | F16: 38.874776 | G16: 24.046821
B17: Earnings (Loss) per ADRs (AR$) | C17: -194.87629 | D17: -244.08698 | E17: -677.85364 | F17: 194.37388 | G17: 120.2341
B18: Average Outstanding Shares (in millions)1 | C18: 437.731 | D18: 437.73116 | E18: 437.73116 | F18: 437.73116 | G18: 437.73116
B19: Other Comprehensive Income (Loss) | C19: 1352.148 | D19: 8883.7116 | E19: -1861.5022 | F19: -6593.9755 | G19: -2327.1583
B20: Comprehensive Income (Loss) | C20: -15708.531 | D20: -12485.184 | E20: -61205.035 | F20: 10422.725 | G20: 8198.8845 | H20: na | I20: na
B21: BALANCE SHEET | C21: mar 26 | D21: dec 25 | E21: sep 25 | F21: jun 25 | G21: mar 25 | H21: QoQ | I21: YoY
B22: Total Assets | C22: 8154791.2 | D22: 8527234.8 | E22: 8803603.9 | F22: 7548029.4 | G22: 7114802.4 | H22: -0.043676952 | I22: 0.14617256
B23: Average Assets2 | C23: 8227861 | D23: 8643185.3 | E23: 7944279.7 | F23: 6999342.5 | G23: 6628498.1 | H23: -0.048052229 | I23: 0.24128586
B24: Total Loans & Leasing, net of allowances | C24: 3869792.4 | D24: 4105476 | E24: 3837591.3 | F24: 3591897.8 | G24: 3171555.2 | H24: -0.057407128 | I24: 0.22015612
B25: Total Loans & Leasing3 | C25: 4115098.6 | D25: 4358924.4 | E25: 4020983.2 | F25: 3727480.2 | G25: 3270838.6 | H25: -0.055937165 | I25: 0.25811728
B26: Loans and financing & off balance guarantees | C26: 4243985.6 | D26: 4492681.6 | E26: 4172059.8 | F26: 3896108.1 | G26: 3450998.9 | H26: -0.055355792 | I26: 0.22978468
B27: Total Deposits | C27: 5340418.1 | D27: 5602226.6 | E27: 5972640.4 | F27: 5200271.3 | G27: 4919264.4 | H27: -0.046732932 | I27: 0.085613152
B28: Attributable Shareholders’ Equity | C28: 1087674.2 | D28: 1102371.4 | E28: 1112332 | F28: 1166941.8 | G28: 1192505.2 | H28: -0.013332301 | I28: -0.087908171
B29: Average Attributable Shareholders’ Equity2 | C29: 1093141.9 | D29: 1109765 | E29: 1144634.8 | F29: 1166098.4 | G29: 1194315.9 | H29: -0.014978955 | I29: -0.084712919
B32: KEY INDICATORS | C32: 1Q26 | D32: 4Q25 | E32: 3Q25 | F32: 2Q25 | G32: 1Q25
B33: Profitability & Efficiency
B34: ROAE | C34: -0.062428051 | D34: -0.077021337 | E34: na | F34: 0.058371405 | G34: 0.035253799
B35: Adjusted ROAE | C35: 0.024539979
B36: ROAA | C36: -0.0082942004 | D36: -0.0098893614 | E36: na | F36: 0.0097247426 | G36: 0.0063519927
B37: Net Interest Margin (NIM) | C37: 0.17734259 | D37: 0.18752805 | E37: 0.10827592 | F37: 0.20767957 | G37: 0.19203158
B38: Net Fee Income Ratio | C38: 0.19199623 | D38: 0.20053272 | E38: 0.31165515 | F38: 0.19387591 | G38: 0.23509456
B39: Cost / Assets | C39: 0.09357539 | D39: 0.082554517 | E39: 0.084908844 | F39: 0.097616567 | G39: 0.098908059
B40: Efficiency Ratio | C40: 0.68903305 | D40: 0.60628913 | E40: 0.95793943 | F40: 0.60921022 | G40: 0.59573163
B41: Adjusted Efficiency | C41: 0.55813914
B42: Liquidity & Capital
B43: Total Loans to Total Deposits | C43: 0.77055737 | D43: 0.77807 | E43: 0.67323377 | F43: 0.71678573 | G43: 0.664904
B44: AR$ Loans to AR$ Deposits | C44: 0.89966861 | D44: 0.9332644 | E44: 0.78218161 | F44: 0.82711363 | G44: 0.75063169
B45: US$ Loans to US$ Deposits | C45: 0.49913319 | D45: 0.46958487 | E45: 0.45868098 | F45: 0.42408361 | G45: 0.39183625
B46: Liquidity Coverage Ratio (LCR) | C46: 1.154 | D46: 1.1898 | E46: 1.1439 | F46: 1.0658 | G46: 1.153
B47: Total Equity / Total Assets | C47: 0.13337855 | D47: 0.12927654 | E47: 0.12634962 | F47: 0.15460219 | G47: 0.16760904
B48: Total Capital / Risk weighted assets 4 | C48: 0.15425648 | D48: 0.1543441 | E48: 0.1318381 | F48: 0.13926186 | G48: 0.15318282
B49: CET 1 / Risk weighted assets 5 | C49: 0.15425648 | D49: 0.1543441 | E49: 0.1318381 | F49: 0.13926186 | G49: 0.15318282
B50: Risk Weighted Assets / Total Assets | C50: 0.61988088 | D50: 0.6196773 | E50: 0.63245085 | F50: 0.83245433 | G50: 0.81179018
B51: Asset Quality
B52: NPL Ratio | C52: 0.055505907 | D52: 0.050373721 | E52: 0.039436227 | F52: 0.027494271 | G52: 0.01952987
B53: Allowances as a % of Total Loans | C53: 0.057654812 | D53: 0.056235632 | E53: 0.044262263 | F53: 0.035672655 | G53: 0.029824589
B54: Coverage Ratio | C54: 1.0387149 | D54: 1.1163684 | E54: 1.1223757 | F54: 1.2974577 | G54: 1.5271268
B55: Cost of Risk | C55: 0.064378971 | D55: 0.1061676 | E55: 0.065796967 | F55: 0.05762223 | G55: 0.050225059
B56: Net Cost of Risk | C56: 0.06024735 | D56: 0.10383736 | E56: 0.063734141 | F56: 0.05541102 | G56: 0.047556972
B58: MACROECONOMIC RATIOS | C58: 1Q26 | D58: 4Q25 | E58: 3Q25 | F58: 2Q25 | G58: 1Q25
B59: Retail Price Index (QoQ var %)6 | C59: 0.094 | D59: 0.0779351 | E59: 0.060166581 | F59: 0.0601261 | G59: 0.085
B60: Retail Price Index (YoY var %) | C60: 0.326 | D60: 0.315 | E60: 0.318 | F60: 0.39420122 | G60: 0.559
B61: UVA (var) | C61: 0.086 | D61: 0.068 | E61: 0.05380708 | F61: 0.087270774 | G61: 0.072
B62: Pesos/US$ Exchange Rate | C62: 1382.76 | D62: 1459.4167 | E62: 1366.5833 | F62: 1194.08 | G62: 1073.875
B63: Badlar Interest Rate (eop) | C63: 0.2538 | D63: 0.2669 | E63: 0.41 | F63: 0.32 | G63: 0.301875
B64: Badlar Interest Rate (avg) | C64: 0.2985 | D64: 0.3557 | E64: 0.4266 | F64: 0.32690733 | G64: 0.2989
B65: TAMAR (eop) | C65: 0.2631 | D65: 0.2888 | E65: 0.42375 | F65: 0.3363 | G65: 0.3206
B66: TAMAR (avg) | C66: 0.3198 | D66: 0.383 | E66: 0.4622 | F66: 0.3422 | G66: 0.3156
B67: Monetary Policy Rate (eop) | C67: - | D67: - | E67: - | F67: 0.29 | G67: 0.29
B68: Monetary Policy Rate (avg) | C68: - | D68: - | E68: - | F68: 0.29 | G68: 0.3005
B69: OPERATING DATA
B70: Bank- Active Customers (in millions) | C70: 1.28336 | D70: 1.299848 | E70: 1.30427 | F70: 1.33684 | G70: 1.364961
B71: IUDÚ-Active Customers (in millions)
B72: IOL-Active Customers (in millions) | C72: 0.596073 | D72: 0.567649 | E72: 0.545963 | F72: 0.604724 | G72: 0.569116
B73: Bank Branches | C73: 129 | D73: 129 | E73: 130 | F73: 130 | G73: 130
B74: Bank Employees | C74: 2686 | D74: 2917 | E74: 2941 | F74: 2980 | G74: 3012
B75: Other Subsidiaries Employees | C75: 406 | D75: 431 | E75: 421 | F75: 419 | G75: 430
B77: Highlights - Non-restated | C77: 496 | D77: 463
B78: (In millions of Argentine Ps.) | C78: 0.18466121 | D78: 0.15872472 | H78: % Change
B79: INCOME STATEMENT | C79: 2Q21 | D79: 1Q21 | E79: 4Q20 | F79: 3Q20 | G79: 2Q20 | H79: QoQ | I79: YoY
B80: Net Interest Income | C80: 207383.05 | D80: 7728.811 | E80: 7453.879 | F80: 8397.742 | G80: 8109.24 | H80: 25.832465 | I80: 24.573673
B81: NIFFI & Exchange Rate Differences | C81: 41526.028 | D81: 1767.636 | E81: 1812.291 | F81: 1290.833 | G81: 941.829 | H81: 22.492409 | I81: 43.090836
B82: Net Financial Income | C82: 248909.08 | D82: 9496.447 | E82: 9266.17 | F82: 9688.575 | G82: 9051.069 | H82: 25.210759 | I82: 26.500517
B83: Net Service Fee Income (excluding income from insurance activities) | C83: 48004.824 | D83: 2019.057 | E83: 1776.69 | F83: 1685.296 | G83: 1583.221 | H83: 22.775864 | I83: 29.320987
B84: Income from Insurance activities | C84: 11651.091 | D84: 372.236 | E84: 777.786 | F84: 293.864 | G84: 355.384 | H84: 30.30028 | I84: 31.784512
B85: Loan Loss Provisions | C85: -65239.95 | D85: -1312.736 | E85: -974.825 | F85: -2650.671 | G85: -2205.318 | H85: 48.697692 | I85: 28.583013
B86: Personnel & Administrative Expenses | C86: -155130.86 | D86: 7369.362 | E86: 7095.295 | F86: 6223.105 | G86: 5883.961 | H86: -22.050785 | I86: -27.365038
B87: Profit before income tax | C87: 39607.401 | D87: 2048.637 | E87: 4219.892 | F87: 1962.634 | G87: 1992.001 | H87: 18.333538 | I87: 18.883223
B88: Attributable Net income | C88: 47633.354 | D88: 2899.408 | E88: 3946.6 | F88: 1930.26 | G88: 1923.453 | H88: 15.428648 | I88: 23.764501
B89: Attributable Comprehensive income | C89: 75122.776 | D89: 2434.266 | E89: 5133.41 | F89: 2223.808 | G89: 1874.957 | H89: 29.860545 | I89: 39.066399
B90: Earnings per Share (AR$) | C90: 104.2939 | D90: 6.3482949 | E90: 8.6411367 | F90: 4.2263316 | G90: 4.2114276
B91: Earnings per ADRs (AR$) | C91: 521.46952 | D91: 31.741475 | E91: 56.19837 | F91: 24.345296 | G91: 20.526225
B92: Average Outstanding Shares (in millions) | C92: 456.72232 | D92: 456.72232 | E92: 456.72232 | F92: 456.72232 | G92: 456.72232
B93: BALANCE SHEET | C93: jun 21 | D93: mar 21 | E93: dec 20 | F93: sep 20 | G93: jun 20 | H93: QoQ | I93: YoY
B94: Total Assets | C94: 8030339.2 | D94: 286837.14 | E94: 245369.08 | F94: 231155.85 | G94: 222401.13 | H94: 26.996163 | I94: 35.107456
B95: Average Assets1 | D95: 266441.5 | E95: 238262.47 | F95: 226778.49 | G95: 207540.3 | H95: -1 | I95: -1
B96: Total Loans & Leasing | D96: 117672.06 | E96: 110364.37 | F96: 102787.4 | G96: 100280.63 | H96: -1 | I96: -1
B97: Total Deposits | D97: 214684.29 | E97: 178641.6 | F97: 170259.12 | G97: 158604.24 | H97: -1 | I97: -1
B98: Attributable Shareholders’ Equity | C98: 968578.29 | D98: 10426.807 | E98: 31903.424 | F98: 26770.014 | G98: 24876.91 | H98: 91.893087 | I98: 37.934831
B99: Average Attributable Shareholders’ Equity1 | D99: 39365.331 | E99: 29336.719 | F99: 25823.462 | G99: 23781.078 | H99: -1 | I99: -1
B100: PROFITABILITY | C100: 2Q21 | D100: 1Q21 | E100: 4Q20 | F100: 3Q20 | G100: 2Q20
B101: ROAE | D101: 0.29461538 | E101: 0.53811062 | F101: 0.29899322 | G101: 0.32352663
B102: ROAA | D102: 0.043527874 | E102: 0.066256344 | F102: 0.034046615 | G102: 0.037071412

Sheet Highlights Subsidiaries
I2: % Change
C3: Subsidiaries- Highlights | D3: 1Q26 | E3: 4Q25 | F3: 3Q25 | G3: 2Q25 | H3: 1Q25 | I3: QoQ | J3: YoY
B4: Banking Ecosystem | C4: Banking Ecosystem Net Income | D4: -21233 | E4: -36756.529 | F4: -62724.216 | G4: 12510.965 | H4: 4086.055 | I4: -0.42233393 | J4: na
C5: Banking Ecosystem Adjusted Net Income | D5: 2486
C6: Banco Supervielle
C7: Attributable Net income (Loss) (AR$ Mm.) | D7: -28088.337 | E7: -48460.846 | F7: -71103.531 | G7: 926.15476 | H7: -5604.6124 | I7: -0.42039111 | J7: na
C8: ROAE | D8: -0.14 | E8: -0.228 | F8: na | G8: 0.004 | H8: -0.024
C9: Employees | D9: 2686 | E9: 2917 | F9: 2941 | G9: 2980 | H9: 3012 | I9: -0.07919095 | J9: -0.10823373
C10: Bank branches | D10: 129 | E10: 129 | F10: 130 | G10: 130 | H10: 130 | I10: 0 | J10: -0.0076923077
C11: Customers (million) | D11: 1.28336 | E11: 1.299848 | F11: 1.30427 | G11: 1.33684 | H11: 1.364961 | I11: -0.01268456 | J11: -0.05978266
C12: Loans Market Share (monthly average) | D12: 0.024931706 | E12: 0.025830146 | F12: 0.02543901 | G12: 0.026235581 | H12: 0.027617369
C13: Loans Market Share (eop) | D13: 0.02774222 | E13: 0.028466262 | F13: 0.027020409 | G13: 0.026
C14: Deposits Market share (monthly average) | D14: 0.031550999 | E14: 0.031754857 | F14: 0.033629257 | G14: 0.029671444 | H14: 0.029730595
C15: NPL Ratio | D15: 0.055505907 | E15: 0.050373721 | F15: 0.039436227 | G15: 0.027494271 | H15: 0.01952987
C16: Supervielle Asset Management (SAM)
C17: Attributable Net income (Loss) (AR$ Mm.) | D17: 4327.0313 | E17: 5063.5825 | F17: 4698.962 | G17: 6587.1841 | H17: 5296.2127 | I17: -0.14546048 | J17: -0.18299517
C18: Assets Under Management (AR$ Bn.) 1 | D18: 1196.2186 | E18: 1162.2374 | F18: 1151.4493 | G18: 1286.6806 | H18: 1294.459 | I18: 0.029237779 | J18: -0.075893043
C19: Employees | D19: 12 | E19: 12 | F19: 11 | G19: 11 | H19: 12 | I19: 0 | J19: 0
C20: Market share | D20: 0.01303 | E20: 0.014882465 | F20: 0.0161 | G20: 0.01931599 | H20: 0.01955
C21: Number of mutual funds | D21: 17 | E21: 17 | F21: 17 | G21: 17 | H21: 17
C22: Supervielle Seguros
C23: Attributable Net income (Loss) (AR$ Mm.) | D23: 3773.2817 | E23: 6640.734 | F23: 3680.3522 | G23: 4997.6258 | H23: 4394.4548 | I23: -0.43179749 | J23: -0.14135384
C24: Combined Ratio | D24: 0.68551697 | E24: 0.612092 | F24: 0.6765221 | G24: 0.63305266 | H24: 0.59622665
C25: Employees | D25: 110 | E25: 128 | F25: 131 | G25: 140 | H25: 147 | I25: -0.140625 | J25: -0.25170068
C26: Insurance Policies | D26: 374636 | E26: 396482 | F26: 415595 | G26: 441288 | H26: 459294 | I26: -0.055099601 | J26: -0.18432202
B27: IOL Ecosystem | C27: IOL Invertironline
C28: Attributable Net income (Loss) (AR$ Mm.) | D28: 5714.8068 | E28: 9799.1101 | F28: 5860.4311 | G28: 5478.4368 | H28: 6176.8329 | I28: -0.41680349 | J28: -0.074799834
C29: Customers (thousands) | D29: 596.073 | E29: 565.614 | F29: 544.123 | G29: 603 | H29: 569.116 | I29: 0.053851213 | J29: 0.047366442
C30: Assets Under Custody (AR$ Bn.)1 | D30: 3741.4658 | E30: 3616.5938 | F30: 3164.912 | G30: 2378.8959 | H30: 2261.892 | I30: 0.03452753 | J30: 0.65413108
C31: Employees | D31: 206 | E31: 192 | F31: 180 | G31: 165 | H31: 162 | I31: 0.072916667 | J31: 0.27160494

Sheet Highlights Bank
B2: Highlights
B3: (In millions of Ps. stated in terms of the measuring unit current at the end of the reporting period) | H3: % Change
B4: INCOME STATEMENT | C4: 1Q26 | D4: 4Q25 | E4: 3Q25 | F4: 2Q25 | G4: 1Q25 | H4: QoQ
B5: Net Interest Income | C5: 210737.92 | D5: 250354.6 | E5: 188389.36 | F5: 243202.33 | G5: 200653.96 | H5: -0.1582423
B6: NIFFI & Exchange Rate Differences | C6: 24593.377 | D6: -5516.2133 | E6: -45000.033 | F6: 4949.0208 | G6: 22714.962 | H6: na
B7: Net Financial Income | C7: 235331.29 | D7: 244838.39 | E7: 143389.33 | F7: 248151.35 | G7: 223368.92 | H7: -0.038830091
B8: LELIQ Result from exposure to changes in the purchasing power of the currency
B9: Net Service Fee Income | C9: 32830.768 | D9: 32808.898 | E9: 33772.15 | F9: 32450.596 | G9: 34720.271 | H9: 0.00066658532
B10: RECPPC | C10: -27760.035 | D10: -26842.12 | E10: -26707.833 | F10: -30286.246 | G10: -44402.347 | H10: 0.034196809
B11: Loan Loss Provisions | C11: 67616.904 | D11: 118563.81 | E11: 68831.954 | F11: 55625.164 | G11: 42196.708 | H11: -0.42970032
B12: Personnel & Administrative Expenses | C12: -152918.83 | D12: -142253.13 | E12: -134615.02 | F12: -138461.99 | G12: -133642.63 | H12: 0.074976902
B13: Profit (Loss) before income tax | C13: -39612.069 | D13: -77072.476 | E13: -111757.29 | F13: -6294.1434 | G13: -12175.809 | H13: na
B14: Attributable Net income (Loss) | C14: -28088.337 | D14: -48460.846 | E14: -71103.531 | F14: 926.15476 | G14: -5604.6124 | H14: na
B15: Adjusted Net Income | C15: -5154
B16: Bank Ecosystem- Attributable Net Income (Loss) | C16: -21233 | D16: -36756.529 | E16: -62724.216 | F16: 12510.965 | G16: 4086.055 | H16: na
B17: Bank Ecosystem- Adjusted Attributable Net Income (Loss) | C17: 2486
B18: BALANCE SHEET | C18: mar 26 | D18: dec 25 | E18: sep 25 | F18: jun 25 | G18: mar 25 | H18: QoQ
B19: Total Assets | C19: 7798692 | D19: 8101299.8 | E19: 8509010.6 | F19: 7180225.3 | G19: 6725370.2 | H19: -0.037352994
B20: Average Assets1 | C20: 7767734.4 | D20: 7300026.4 | E20: 6884564.4 | F20: 6461269.5 | G20: 6248192.2 | H20: 0.064069365
B21: Total Loans & Leasing2 | C21: 4115098.6 | D21: 4358924.4 | E21: 4020983.2 | F21: 3727480.2 | G21: 3270838.6 | H21: -0.055937165
B22: Total Deposits | C22: 128887.07 | D22: 133757.14 | E22: 151076.62 | F22: 168627.9 | G22: 180160.34 | H22: -0.036409811
B23: Attributable Shareholders’ Equity | C23: 805832.43 | D23: 832247.54 | E23: 872828.34 | F23: 947076.55 | G23: 953875.49 | H23: -0.031739479
B24: Average Attributable Shareholders’ Equity1 | C24: 816696.82 | D24: 850190.27 | E24: 910820.96 | F24: 985039.6 | G24: 961656.18 | H24: -0.039395237
B27: KEY INDICATORS | C27: 1Q26 | D27: 4Q25 | E27: 3Q25 | F27: 2Q25 | G27: 1Q25
B28: Profitability & Efficiency
B29: ROAE | C29: -0.14 | D29: -0.228 | E29: na | F29: 0.004 | G29: -0.024
B30: Adjusted ROAE | C30: -0.025
B31: ROAA | C31: -0.014464108 | D31: -0.026553792 | E31: na | F31: 0.00057335777 | G31: -0.0035879898
B32: Net Interest Margin (NIM) | C32: 0.17063242 | D32: 0.19278595 | E32: 0.10924882 | F32: 0.20866957 | G32: 0.19438301
B33: Net Fee Income Ratio | C33: 0.12242883 | D33: 0.11816754 | E33: 0.1906292 | F33: 0.11564637 | G33: 0.13452819
B34: Cost / Assets | C34: 0.089841518 | D34: 0.089581889 | E34: 0.089658336 | F34: 0.0974489 | G34: 0.097259969
B35: Efficiency Ratio | C35: 0.75778745 | D35: 0.70523181 | E35: 1.1174355 | F35: 0.66410209 | G35: 0.67119988
B36: Adjusted Efficiency Ratio | C36: 0.605
B37: Liquidity & Capital
B38: Total Loans to Total Deposits | C38: 0.77055737 | D38: 0.77807 | E38: 0.67323377 | F38: 0.71678573 | G38: 0.664904
B39: Total Equity / Total Assets | C39: 0.10332918 | D39: 0.10273012 | E39: 0.10257695 | F39: 0.13190067 | G39: 0.14183241
B40: Total Capital / Risk weighted assets (standalone) | C40: 0.13257486 | D40: 0.13341546 | E40: 0.11761868 | F40: 0.13330374 | G40: 0.145108
B41: CET 1 / Risk weighted assets (standalone) | C41: 0.13257486 | D41: 0.13341546 | E41: 0.11761868 | F41: 0.13330374 | G41: 0.145108
B42: CET 1 / Risk weighted assets (consolidated basis) | C42: 0.15425648 | D42: 0.1543441 | E42: 0.1318381 | F42: 0.13926186 | G42: 0.15318282
B43: Risk Weighted Assets / Total Assets | C43: 0.61988088 | D43: 0.6196773 | E43: 0.63245085 | F43: 0.83245433 | G43: 0.81179018
B44: Asset Quality
B45: NPL Ratio | C45: 0.055505907 | D45: 0.050373721 | E45: 0.039436227 | F45: 0.027494271 | G45: 0.01952987
B46: Allowances as a % of Total Loans | C46: 0.057654812 | D46: 0.056235632 | E46: 0.044262263 | F46: 0.035672655 | G46: 0.029824589
B47: Coverage Ratio | C47: 1.0387149 | D47: 1.1163684 | E47: 1.1223757 | F47: 1.2974577 | G47: 1.5271268
B48: Cost of Risk | C48: 0.064378971 | D48: 0.1061676 | E48: 0.065796967 | F48: 0.05762223 | G48: 0.050225059
B49: Net Cost of Risk | C49: 0.06024735 | D49: 0.10383736 | E49: 0.063734141 | F49: 0.05541102 | G49: 0.047556972

Sheet Net Income
B2: Income Statement | H2: % Change
B3: (In millions of Ps. stated in terms of the measuring unit current at the end of the reporting period) | C3: 1Q26 | D3: 4Q25 | E3: 3Q25 | F3: 2Q25 | G3: 1Q25 | H3: QoQ | I3: YoY
B4: Consolidated Income Statement Data IFRS:
B5: Interest income | C5: 454979.16 | D5: 563294.35 | E5: 504705.62 | F5: 455112.78 | G5: 397688 | H5: -0.19228878 | I5: 0.14406058
B6: Interest expenses | C6: -242355.88 | D6: -296231 | E6: -323529.29 | F6: -215857.32 | G6: -200939.42 | H6: -0.18186858 | I6: 0.20611419
B7: Net interest income | C7: 212623.28 | D7: 267063.35 | E7: 181176.33 | F7: 239255.46 | G7: 196748.58 | H7: -0.20384704 | I7: 0.080685212
B8: Net income from financial instruments at fair value through profit or loss | C8: 3168.616 | D8: 7963.0848 | E8: 15192.47 | F8: 29068.262 | G8: 30715.178 | H8: -0.60208687 | I8: -0.89683876
B9: Result from recognition of assets measured at amortized cost | C9: 593.831 | D9: 7998.1165 | E9: -6933.4243 | F9: -738.55199 | G9: 5215.7153 | H9: na | I9: na
B10: Exchange rate difference on gold and foreign currency | C10: 38270.599 | D10: -14123.053 | E10: -41869.578 | F10: -8182.8855 | G10: -57.087207 | H10: na | I10: na
B11: NIFFI & Exchange Rate Differences | C11: 42033.046 | D11: 1838.1487 | E11: -33610.532 | F11: 20146.824 | G11: 35873.806 | H11: na | I11: 0.17169183
B12: Net Financial Income | C12: 254656.33 | D12: 268901.5 | E12: 147565.8 | F12: 259402.29 | G12: 232622.39 | H12: -0.052975441 | I12: 0.094719776
B13: LELIQ Result from exposure to changes in the purchasing power of the currency | H13: #DIV/0! | I13: #DIV/0!
B14: Fee income | C14: 66636.018 | D14: 73804.923 | E14: 73888.075 | F14: 68792.498 | G14: 76303.831 | H14: -0.097133151 | I14: -0.12670154
B15: Fee expenses | C15: -14923.279 | D15: -15952.828 | E15: -16526.639 | F15: -16068.985 | G15: -16024.88 | H15: -0.064537062 | I15: -0.06874318
B16: Income from insurance activities | C16: 8798.184 | D16: 9597.2554 | E16: 9450.4834 | F16: 9663.7223 | G16: 11217.805 | H16: -0.083260406 | I16: -0.21569466
B17: Net Service Fee Income | C17: 60510.923 | D17: 67449.35 | E17: 66811.919 | F17: 62387.235 | G17: 71496.755 | H17: -0.10286871 | I17: -0.15365498
B18: Subtotal | C18: 315167.25 | D18: 336350.85 | E18: 214377.72 | F18: 321789.52 | G18: 304119.14 | H18: -0.062980673 | I18: 0.036328224
B19: Result from exposure to changes in the purchasing power of the currency | C19: -41607.988 | D19: -37924.333 | E19: -34443.267 | F19: -36808.128 | G19: -55524.479 | H19: 0.097131702 | I19: -0.25063704
B20: Other operating income | C20: 18768.341 | D20: 22777.818 | E20: 16899.193 | F20: 15602.335 | G20: 15825.629 | H20: -0.17602552 | I20: 0.18594595
B21: Loan loss provisions | C21: -67613.162 | D21: -118566.81 | E21: -68837.083 | F21: -55623.893 | G21: -42195.988 | H21: -0.42974629 | I21: 0.60235995
B22: Net Operating Income | C22: 224714.44 | D22: 202637.53 | E22: 127996.56 | F22: 244959.83 | G22: 222224.3 | H22: 0.10894779 | I22: 0.011205512
B23: Personnel expenses | C23: -111173.03 | D23: -84135.807 | E23: -89142.369 | F23: -94751.963 | G23: -90122.758 | H23: 0.32135219 | I23: 0.23357336
B24: Administration expenses | C24: -59105.205 | D24: -72336.642 | E24: -59086.664 | F24: -56471.068 | G24: -54856.785 | H24: -0.18291473 | I24: 0.077445658
B25: Depreciations and impairment of assets | C25: -22200.797 | D25: -21911.05 | E25: -20405.869 | F25: -19589.915 | G25: -18923.428 | H25: 0.013223784 | I25: 0.1731911
... B27: Other operating expenses | C27: -18875.937 | D27: -28374.542 | E27: -19547.435 | F27: -25189.893 | G27: -15065.64 | H27: -0.33475798 | I27: 0.25291306
B28: Profit (Loss) before income tax | C28: -22353.593 | D28: -40652.808 | E28: -95876.039 | F28: 17139.277 | G28: 13505.432 | H28: na | I28: na
B29: Income tax | C29: 5262.804 | D29: 19239.073 | E29: 35275.897 | F29: 242.31343 | G29: -2163.6555 | H29: - | I29: - | K29: =+C29/C28 -> -0.23543437 | L29: =+D29/D28 -> -0.47325324
B30: Net income (loss) for the year | C30: -17090.789 | D30: -21413.735 | E30: -60600.143 | F30: 17381.59 | G30: 11341.776 | H30: na | I30: na
B31: Net income (Loss) for the year attributable to parent company | C31: -17060.679 | D31: -21368.896 | E31: -59343.533 | F31: 17016.701 | G31: 10526.043 | H31: na | I31: na
B32: Net income (Loss) for the year attributable to non-controlling interest | C32: -30.11 | D32: -44.83887 | E32: -1256.6102 | F32: 364.88951 | G32: 815.73309 | H32: na | I32: na
B33: Adjusted Net Income (Loss) | C33: 6706.4196
B34: ROAE | C34: -0.062428051 | D34: -0.077021337 | E34: na | F34: 0.058371405 | G34: 0.035253799
B35: Adjusted ROAE | C35: 0.024539979
B36: ROAA | C36: -0.0082942004 | D36: -0.0098893614 | E36: na | F36: 0.0097247426 | G36: 0.0063519927
C38: 1Q26 | D38: 4Q25 | E38: 3Q25 | F38: 2Q25 | G38: 1Q25 | H38: QoQ | I38: YoY
B39: Other Comprehensive Income (Loss), net of tax | C39: 1352.148 | D39: 8883.7116 | E39: -1861.5022 | F39: -6593.9755 | G39: -2327.1583 | H39: -0.8477947 | I39: na
B40: Comprehensive Income (Loss) | C40: -15708.531 | D40: -12485.184 | E40: -61205.035 | F40: 10422.725 | G40: 8198.8845 | H40: na | I40: na

Sheet NIM
B2: NIM Analysis | C2: 1Q26 | D2: 4Q25 | E2: 3Q25 | F2: 2Q25 | G2: 1Q25 | H2: QoQ (bps) | I2: YoY (bps)
B3: AR$ NIM | C3: 0.20667493 | D3: 0.21329295 | E3: 0.11725974 | F3: 0.22267327 | G3: 0.20806439 | H3: -66.180174 | I3: -13.8946
B4: AR$ Loan Portfolio | C4: 0.21819407 | D4: 0.21312803 | E4: 0.18377538 | F4: 0.26139552 | G4: 0.25387048 | H4: 50.660395 | I4: -356.7641
B5: AR$ Investment Portfolio | C5: 0.18574662 | D5: 0.22248839 | E5: 0.018972277 | F5: 0.17115817 | G5: 0.15170099 | H5: -367.41774 | I5: 340.45634
B7: Total NIM | C7: 0.17734259 | D7: 0.18752805 | E7: 0.10827593 | F7: 0.20767957 | G7: 0.19203158 | H7: -101.85463 | I7: -146.88988
B8: Loan Portfolio | C8: 0.17367055 | D8: 0.1687279 | E8: 0.15167519 | F8: 0.2267429 | G8: 0.21488729 | H8: 49.426535 | I8: -412.1674
B9: Investment Portfolio | C9: 0.16294236 | D9: 0.260594 | E9: 0.11430578 | F9: 0.20028154 | G9: 0.16921289 | H9: -976.51632 | I9: -62.705271
B11: Average Assets | C11: 1Q26 | D11: 4Q25 | E11: 3Q25 | F11: 2Q25 | G11: 1Q25 | H11: QoQ (bps) | I11: YoY (bps)
B12: Total Interest Earning Assets (IEA) | C12: 1 | D12: 1 | E12: 1 | F12: 1 | G12: 1
B13: AR$ (as % of IEA) | C13: 0.80624097 | D13: 0.79135975 | E13: 0.79936679 | F13: 0.85433773 | G13: 0.86087232 | H13: 148.81222 | I13: -546.31345
B14: US$ (as % of IEA) | C14: 0.19375903 | D14: 0.20864025 | E14: 0.20063321 | F14: 0.14566227 | G14: 0.13912768 | H14: -148.81222 | I14: 546.31345
B15: Loan Portfolio (as % of IEA) | C15: 0.67487279 | D15: 0.67873993 | E15: 0.65676057 | F15: 0.65138524 | G15: 0.6409992 | H15: -38.671402 | I15: 338.73585
B16: AR$ (as % of Loan Portfolio) | C16: 0.77772997 | D16: 0.77398406 | E16: 0.79252158 | F16: 0.85595296 | G16: 0.8314448 | H16: 37.459018 | I16: -537.14838
B17: US$ (as % of Loan Portfolio) | C17: 0.22227003 | D17: 0.22601594 | E17: 0.20747842 | F17: 0.14404704 | G17: 0.1685552 | H17: -37.459018 | I17: 537.14838
B18: Investment Portfolio (as % of IEA) | C18: 0.32512721 | D18: 0.32126007 | E18: 0.34323943 | F18: 0.34861476 | G18: 0.3590008 | H18: 38.671402 | I18: -338.73585
B19: AR$ (as % of Investment Portfolio) | C19: 0.86542182 | D19: 0.82807011 | E19: 0.81246454 | F19: 0.85131968 | G19: 0.91341541 | H19: 373.51709 | I19: -479.93596
B20: US$ (as % of Investment Portfolio) | C20: 0.13457818 | D20: 0.17192989 | E20: 0.18753546 | F20: 0.14868032 | G20: 0.086584588 | H20: -373.51709 | I20: 479.93596
B21: Average Liabilities | C21: 1Q26 | D21: 4Q25 | E21: 3Q25 | F21: 2Q25 | G21: 1Q25 | H21: QoQ (bps) | I21: YoY (bps)
B22: Total Interest Bearing Deposits & Low & Non-Interest Bearing Deposits | C22: 1 | D22: 1 | E22: 1 | F22: 1 | G22: 1
B23: AR$ | C23: 0.65949233 | D23: 0.6315239 | E23: 0.66310008 | F23: 0.7022582 | G23: 0.72110353 | H23: 279.68432 | I23: -616.11199
B24: US$ | C24: 0.34050767 | D24: 0.3684761 | E24: 0.33689992 | F24: 0.2977418 | G24: 0.27889647 | H24: -279.68432 | I24: 616.11199
B25: Total Interest‑Bearing Liabilities | C25: 0.75165975 | D25: 0.7857883 | E25: 0.77488082 | F25: 0.75707448 | G25: 0.73532618 | H25: -341.28549 | I25: 163.33577
B26: AR$ | C26: 0.66307922 | D26: 0.62920665 | E26: 0.66503495 | F26: 0.7094783 | G26: 0.73037846 | H26: 338.72569 | I26: -672.99236
B27: US$ | C27: 0.33692078 | D27: 0.37079335 | E27: 0.33496505 | F27: 0.2905217 | G27: 0.26962154 | H27: -338.72569 | I27: 672.99236
B28: Low & Non Interest Bearing Deposits | C28: 0.24834025 | D28: 0.2142117 | E28: 0.22511918 | F28: 0.24292552 | G28: 0.26467382 | H28: 341.28549 | I28: -163.33577
B29: AR$ | C29: 0.81319013 | D29: 0.81801223 | E29: 0.83232303 | F29: 0.8568671 | G29: 0.8599722 | H29: -48.22101 | I29: -467.82071
B30: US$ | C30: 0.18680987 | D30: 0.18198777 | E30: 0.16767697 | F30: 0.1431329 | G30: 0.1400278 | H30: 48.22101 | I30: 467.82071
B32: Interest Rates | C32: 1Q26 | D32: 4Q25 | E32: 3Q25 | F32: 2Q25 | G32: 1Q25 | H32: QoQ (bps) | I32: YoY (bps)
B33: Interest earned on Loans | C33: 0.35888205 | D33: 0.39224254 | E33: 0.38018617 | F33: 0.39344406 | G33: 0.37032751 | H33: -333.60491 | I33: -114.4546
B34: AR$ | C34: 0.43887811 | D34: 0.48341281 | E34: 0.46097163 | F34: 0.44958606 | G34: 0.43503649 | H34: -445.34699 | I34: 38.416177
B35: US$ | C35: 0.07897327 | D35: 0.080032982 | E35: 0.071603647 | F35: 0.059838358 | G35: 0.051132674 | H35: -10.597126 | I35: 278.40596
B36: Yield on Investment Porfolio | C36: 0.33945239 | D36: 0.44312657 | E36: 0.29346369 | F36: 0.33286488 | G36: 0.33078972 | H36: -1036.7417 | I36: 86.626778
B37: AR$ | C37: 0.38021552 | D37: 0.46372708 | E37: 0.29616853 | F37: 0.35934871 | G37: 0.332867 | H37: -835.11559 | I37: 473.48525
B38: US$ | C38: 0.077475882 | D38: 0.34391888 | E38: 0.28175123 | F38: 0.18153392 | G38: 0.30890156 | H38: -2664.4299 | I38: -2314.2568
B39: Cost of Funds | C39: 0.14914717 | D39: 0.17053362 | E39: 0.20178008 | F39: 0.16040621 | G39: 0.16115673 | H39: -213.86447 | I39: -120.09555
B40: AR$ | C40: 0.21027905 | D40: 0.25254941 | E40: 0.29301073 | F40: 0.2206182 | G40: 0.21793752 | H40: -422.7036 | I40: -76.584735
B41: US$ | C41: 0.030747492 | D41: 0.029968391 | E41: 0.022216212 | F41: 0.018389326 | G41: 0.014346598 | H41: 7.7910037 | I41: 164.00893
B42: Market Interest Rates | C42: 1Q26 | D42: 4Q25 | E42: 3Q25 | F42: 2Q25 | G42: 1Q25 | H42: QoQ (bps) | I42: YoY (bps)
B43: Monetary Policy Rate (eop) | C43: - | D43: - | E43: - | F43: 0.29 | G43: 0.29 | H43: - | I43: -
B44: Monetary Policy Rate (avg) | C44: - | D44: - | E44: - | F44: 0.29 | G44: 0.3005 | H44: - | I44: -
B45: Tamar (eop) | C45: 0.2631 | D45: 0.2888 | E45: 0.42375 | F45: 0.3363 | H45: -257 | I45: na
B46: Tamar (avg) | C46: 0.3198 | D46: 0.383 | E46: 0.4622 | F46: 0.3422 | H46: -632 | I46: na

Sheet Balance Sheet
B3: (In millions of Ps. stated in terms of the measuring unit current at the end of the reporting period) | C3: mar 26 | D3: 45992 | E3: 45901 | F3: jun25 | G3: mar 25 | H3: QoQ | I3: YoY
B4: Assets
B5: Cash and due from banks | C5: 1483313.7 | D5: 1750186.3 | E5: 2076790.5 | F5: 1368605.5 | G5: 1137446.5 | H5: -0.15248238 | I5: 0.30407342
B6: Secuities at fair value through profit or loss | C6: 311613.68 | D6: 273065.63 | E6: 181863.08 | F6: 226082.64 | G6: 245366.71 | H6: 0.14116773 | I6: 0.26999169
B7: Derivatives | C7: 8388.533 | D7: 10846.428 | E7: 6018.2896 | F7: 9009.5158 | G7: 5031.1585 | H7: -0.22660871 | I7: 0.66731637
B8: Repo transactions | C8: 9741.993 | D8: 4002.3221 | E8: 594.3356 | F8: 0 | G8: 4047.3583 | H8: na | I8: na
B9: Other financial assets | C9: 51131.647 | D9: 65633.875 | E9: 143104.62 | F9: 49113.953 | G9: 63059.918 | H9: -0.22095645 | I9: -0.18915774
B10: Loans and other financings | C10: 3879573 | D10: 4121695.4 | E10: 3854075 | F10: 3604320.3 | G10: 3182274 | H10: -0.058743392 | I10: 0.21911974
B11: Other securities | C11: 913980.82 | D11: 900009.8 | E11: 1133574 | F11: 1469591.2 | G11: 1755054.5 | H11: 0.015523196 | I11: -0.47922937
B12: Financial assets in guarantee | C12: 850793.42 | D12: 760012.92 | E12: 794999.04 | F12: 255843.87 | G12: 156992.56 | H12: 0.119446 | I12: 4.4193232
B13: Current Income tax assets | C13: 0 | D13: 0 | E13: 0 | F13: 0 | G13: 0 | H13: na | I13: na
B14: Investments in equity instruments | C14: 5551.457 | D14: 6244.7147 | E14: 7822.9533 | F14: 6449.7894 | G14: 5001.261 | H14: -0.11101511 | I14: 0.11001145
B15: Investments in subsidiaries, associates and joint ventures | C15: 0 | D15: 0 | E15: 0 | F15: 0 | G15: 0 | H15: #DIV/0! | I15: #DIV/0!
B16: Property, plant and equipment | C16: 142044.58 | D16: 145184.35 | E16: 143370.35 | F16: 144598.14 | G16: 143521.91 | H16: -0.021626048 | I16: -0.010293355
B17: Property investments | C17: 100002.97 | D17: 101330.71 | E17: 102797.71 | F17: 103093.16 | G17: 113114.31 | H17: -0.013103038 | I17: -0.11591232
B18: Intangible Assets | C18: 246805.68 | D18: 253727.13 | E18: 244839.18 | F18: 238256.32 | G18: 234946.26 | H18: -0.027279116 | I18: 0.050477158
B19: Deferred tax assets | C19: 102676.14 | D19: 87190.089 | E19: 66151.99 | F19: 23856.188 | G19: 8695.4531 | H19: 0.17761254 | I19: 10.808027
B20: Other non-financial assets | C20: 49173.546 | D20: 48105.199 | E20: 47602.771 | F20: 49208.782 | G20: 60250.541 | H20: 0.022208556 | I20: -0.18384889
B21: Total assets | C21: 8154791.2 | D21: 8527234.8 | E21: 8803603.9 | F21: 7548029.4 | G21: 7114802.4 | H21: -0.043676952 | I21: 0.14617256
B22: Liabilities and shareholders’ equity
B23: Deposits: | C23: 5340418.1 | D23: 5602226.6 | E23: 5972640.4 | F23: 5200271.3 | G23: 4919264.4 | H23: -0.046732932 | I23: 0.085613152
B24: Non‑financial public sector | C24: 345031.39 | D24: 143676.82 | E24: 190421.3 | F24: 200196.89 | G24: 176204.7 | H24: 1.4014409 | I24: 0.95812822
B25: Financial sector | C25: 1524.666 | D25: 814.26596 | E25: 775.88359 | F25: 354.30436 | G25: 308.47778 | H25: 0.87244226 | I25: 3.9425472
B26: Non‑financial private sector and foreign residents | C26: 4993862.1 | D26: 5457735.5 | E26: 5781443.2 | F26: 4999720.1 | G26: 4742751.2 | H26: -0.084993758 | I26: 0.05294624
B27: Liabilities at a fair value through profit or loss | C27: 10207.088 | D27: 759.4299 | E27: 15689.514 | F27: 0 | G27: 3629.5834 | H27: na | I27: na
B28: Derivatives | C28: 0 | D28: 0 | E28: 0 | F28: 0 | G28: 35.258809 | H28: na | I28: na
B29: Repo transactions | C29: 547174.68 | D29: 430558.46 | E29: 456038.03 | F29: 69496.877 | G29: 41543.631 | H29: 0.27084875 | I29: na
B30: Other financial liabilities | C30: 284295.69 | D30: 306736.41 | E30: 241882.37 | F30: 223037.63 | G30: 235372.11 | H30: -0.073159605 | I30: 0.20785633
B31: Financing received from Central Bank and others | C31: 603947.1 | D31: 526191.68 | E31: 425192.43 | F31: 107242.17 | G31: 95104.697 | H31: 0.14777013 | I31: 5.3503394
B32: Medium Term Notes | C32: 106094.6 | D32: 191377.79 | E32: 308973.58 | F32: 450045.97 | G32: 295229.95 | H32: -0.4456274 | I32: na
B33: Current Income tax liabilities | C33: 3060.641 | D33: 484.5645 | E33: 3079.1034 | F33: 6272.0086 | G33: 11333.479 | H33: 5.3162717 | I33: -0.72994691
B34: Subordinated Loan and Negotiable Obligations | C34: 0 | D34: 0 | E34: 0 | F34: 0 | G34: 0 | H34: #DIV/0! | I34: #DIV/0!
B35: Provisions | C35: 14348.15 | D35: 15202.44 | E35: 50498.521 | F35: 54863.989 | G35: 55330.917 | H35: -0.056194289 | I35: -0.74068476
B36: Deferred tax liabilities | C36: 2232.308 | D36: 0 | E36: 3306.2117 | F36: 2355.7102 | G36: 2583.1278 | H36: na | I36: -0.13581203
B37: Other non-financial liabilities | C37: 154513.82 | D37: 350472.9 | E37: 213081.68 | F37: 264764.56 | G37: 260489.71 | H37: -0.55912764 | I37: -0.40683332
B38: Total liabilities | C38: 7066292.2 | D38: 7424010.3 | E38: 7690381.8 | F38: 6378350.2 | G38: 5919916.9 | H38: -0.048183941 | I38: 0.1936472
B39: Attributable Shareholders’ equity | C39: 1087674.2 | D39: 1102371.4 | E39: 1112332 | F39: 1166941.8 | G39: 1192505.2 | H39: -0.013332301 | I39: -0.087908171
B40: Non Controlling Interest | C40: 824.769 | D40: 853.17598 | E40: 889.99012 | F40: 2737.327 | G40: 2380.3031 | H40: -0.03329557 | I40: -0.65350254
B41: Total liabilities and shareholders’ equity | C41: 8154791.2 | D41: 8527234.8 | E41: 8803603.9 | F41: 7548029.4 | G41: 7114802.4 | H41: -0.043676952 | I41: 0.14617256
B44: Consolidated Balance Sheet Data - Non Restated Figures | C44: mar 26 | D44: dec 25 | E44: sep 25 | F44: jun 25 | G44: mar 25
B45: (In millions of Argentine Ps.)
B46: Assets
B47: Cash and due from banks | C47: 1483313.7 | D47: 1599186.5 | E47: 1760045.1 | F47: 1095226.8 | G47: 858029.81
B48: Securities at fair value through profit or loss | C48: 311613.68 | D48: 249506.5 | E48: 154394.13 | F48: 246108.61 | G48: 254619.19
B49: Derivatives | C49: 8388.533 | D49: 9910.637 | E49: 5098.481 | F49: 7202.667 | G49: 3794.044
B50: Repo transactions | C50: 9741.993 | D50: 3657.016 | E50: 503.5 | F50: 0 | G50: 3052.151
B51: Other financial assets | C51: 49603.511 | D51: 59956.392 | E51: 121185.86 | F51: 39226.85 | G51: 47561.75
B52: Loans and other financings | C52: 3879569.8 | D52: 3766084.8 | E52: 3265031.7 | F52: 2881474.4 | G52: 2399779.4
B53: Other securities | C53: 913980.82 | D53: 822360.16 | E53: 960323.59 | F53: 1109499.7 | G53: 1254114.6
B54: Financial assets in guarantee | C54: 850793.42 | D54: 694441.72 | E54: 673494.93 | F54: 204534.65 | G54: 118389.57
B55: Current Income tax assets | C55: 0 | D55: 0 | E55: 0 | F55: 0 | G55: 0
B56: Investments in equity instruments | C56: 5385.308 | D56: 5685.852 | E56: 6145.268 | F56: 5003.258 | G56: 3427.875
B57: Investments in subsidiaries, associates and joint ventures | C57: 0 | D57: 0 | E57: 0 | F57: 0 | G57: 0
B58: Property, plant and equipment | C58: 102091.78 | D58: 102448.38 | E58: 80021.126 | F58: 77984.467 | G58: 74496.399
... B63: Total assets | C63: 8030339.2 | D63: 7700483.8 | E63: 7365522 | F63: 5957167.2 | G63: 5295329.6
B64: Liabilities and shareholders’ equity
B65: Deposits: | C65: 5340418.1 | D65: 5118886.5 | E65: 5060470.6 | F65: 4157672.7 | G65: 3709771.5
B66: Non‑financial public sector | C66: 345031.39 | D66: 131280.89 | E66: 161318.15 | F66: 160047.62 | G66: 132877.62
B67: Financial sector | C67: 1524.666 | D67: 744.014 | E67: 657.301 | F67: 283.249 | G67: 232.626
B68: Non‑financial private sector and foreign residents | C68: 4993862.1 | D68: 4986861.6 | E68: 4898495.2 | F68: 3997341.8 | G68: 3576661.2
B69: Liabilities at a fair value through profit or loss | C69: 10207.088 | D69: 693.909 | E69: 13291.599 | F69: 0 | G69: 2737.103
B70: Derivatives | C70: 0 | D70: 0 | E70: 0 | F70: 0 | G70: 26.589
B71: Repo transactions | C71: 547174.68 | D71: 393411.41 | E71: 386339.21 | F71: 55559.353 | G71: 31328.443
B72: Other financial liabilities | C72: 284295.69 | D72: 280272.28 | E72: 204914.15 | F72: 179091.15 | G72: 177832.29
B73: Financing received from Central Bank and others | C73: 603947.1 | D73: 480793.74 | E73: 360207.92 | F73: 85734.868 | G73: 71546.324
B74: Medium Term Notes | C74: 102116.42 | D74: 174866.4 | E74: 261751.44 | F74: 359789.73 | G74: 222635.69
B75: Medium Term Notes | C75: 106094.6 | D75: 174866.4 | E75: 261751.44 | F75: 359789.73 | G75: 222635.69
B76: Current Income tax liabilities | C76: 3256.5 | D76: 647.27 | E76: 3123.127 | F76: 5213.356 | G76: 9138.74
... B83: Total liabilities and shareholders’ equity | C83: 8031849.5 | D83: 7700483.8 | E83: 7365522 | F83: 5957167.2 | G83: 5295329.6

Sheet Result from exposure to Infl
B2: Result from exposure to changes in the purchasing power of the currency | H2: % Change
B3: (In millions of Ps. stated in terms of the measuring unit current at the end of the reporting period) | C3: 1Q26 | D3: 4Q25 | E3: 3Q25 | F3: 2Q25 | G3: 1Q25 | H3: QoQ | I3: YoY
B4: Result from exposure to changes in the purchasing power of the currency | C4: -41607.988 | D4: -37924.333 | E4: -34443.267 | F4: -36808.128 | G4: -55524.479 | H4: 0.097131702 | I4: -0.25063704
B5: Total | C5: -41607.988 | D5: -37924.333 | E5: -34443.267 | F5: -36808.128 | G5: -55524.479 | H5: 0.097131702 | I5: -0.25063704

Sheet Net Financial Income
B2: Interest Income | H2: % Change
B3: (In millions of Ps. stated in terms of the measuring unit current at the end of the reporting period) | C3: 1Q26 | D3: 4Q25 | E3: 3Q25 | F3: 2Q25 | G3: 1Q25 | H3: QoQ | I3: YoY
B4: Interest on/from:
B5: - Cash and Due from banks | C5: 10.023571 | D5: 156.2102 | E5: 57.977439 | F5: 55.074243 | G5: 6.8154825 | H5: -0.9358328 | I5: 0.47070602
B6: - Loans to the financial sector | C6: 31702.561 | D6: 22351.632 | E6: 3035.2511 | F6: 1969.8373 | G6: 1143.7031 | H6: 0.41835552 | I6: 26.719223
B7: - Overdrafts | C7: 34112.756 | D7: 42828.852 | E7: 35991.435 | F7: 22615.957 | G7: 17759.507 | H7: -0.20350991 | I7: 0.9208166
B8: - Promissory notes | C8: 33334.355 | D8: 48005.313 | E8: 38332.516 | F8: 37093.498 | G8: 35333.034 | H8: -0.30561114 | I8: -0.056566856
B9: - Corporate unsecured loans | C9: 44884.184 | D9: 52303.999 | E9: 54012.468 | F9: 47740.747 | G9: 44880.662 | H9: -0.14185942 | I9: 7.8479551e-05
B10: - Leases | C10: 12624.147 | D10: 14197.458 | E10: 14640.122 | F10: 12837.678 | G10: 11590.239 | H10: -0.11081637 | I10: 0.089205047
B11: - Mortgage loans | C11: 38854.229 | D11: 32456.439 | E11: 26750.232 | F11: 38441.149 | G11: 32534.66 | H11: 0.19711928 | I11: 0.19424111
B12: - Automobile and other secured loans | C12: 35680.692 | D12: 38070.736 | E12: 39747.496 | F12: 42813.331 | G12: 40718.578 | H12: -0.062779031 | I12: -0.12372451
B13: - Personal loans | C13: 72018.801 | D13: 80747.952 | E13: 84057.927 | F13: 83910.527 | G13: 77024.161 | H13: -0.10810368 | I13: -0.064984284
B14: - Credit cards loans | C14: 27948.302 | D14: 33543.288 | E14: 30609.915 | F14: 25732.627 | G14: 19816.111 | H14: -0.16679896 | I14: 0.41038276
B15: - Foreign trade loans & US loans | C15: 16628.365 | D15: 17249.638 | E15: 13118.918 | F15: 6955.8881 | G15: 6755.2741 | H15: -0.036016586 | I15: 1.4615382
B16: - Other (1) | C16: 107180.75 | D16: 181382.83 | E16: 164351.36 | F16: 134946.47 | G16: 110125.25 | H16: -0.40909099 | I16: -0.02673778
B17: Total | C17: 454979.16 | D17: 563294.35 | E17: 504705.62 | F17: 455112.78 | G17: 397688 | H17: -0.19228878 | I17: 0.14406058
B19: Interest Expenses | H19: % Change
C20: 1Q26 | D20: 4Q25 | E20: 3Q25 | F20: 2Q25 | G20: 1Q25 | H20: QoQ | I20: YoY
B21: Interest on:
B22: - Checking and Savings Accounts | C22: 21976.071 | D22: 17085.593 | E22: 17130.752 | F22: 9414.978 | G22: 7353.0316 | H22: 0.28623405 | I22: 1.9887089
B23: - Special Checking Accounts | C23: 56540.456 | D23: 81257.002 | E23: 98835.722 | F23: 86494.255 | G23: 72448.572 | H23: -0.30417743 | I23: -0.21957805
B24: - Time Deposits | C24: 107864.24 | D24: 133876.32 | E24: 137118.21 | F24: 87727.179 | G24: 100516.35 | H24: -0.19429937 | I24: 0.073101481
B25: - Other Liabilities from Financial Transactions | C25: 55305.506 | D25: 59829.027 | E25: 59915.926 | F25: 23613.321 | G25: 12519.092 | H25: -0.075607467 | I25: 3.4176931
B26: - Financing from the Financial Sector | C26: 453.28056 | D26: 651.41394 | E26: 618.81651 | F26: 667.46597 | G26: 900.21506 | H26: -0.30415895 | I26: -0.49647526
B27: - Subordinated Loans and Negotiable Obligations | C27: 0 | D27: 0 | E27: 0 | F27: 0 | G27: 0 | H27: #DIV/0! | I27: #DIV/0!
B28: - Other | C28: 216.33186 | D28: 3531.6372 | E28: 9909.86 | F28: 7940.1229 | G28: 7202.1629 | H28: -0.9387446 | I28: -0.96996293
B29: Total | C29: 242355.88 | D29: 296231 | E29: 323529.28 | F29: 215857.32 | G29: 200939.42 | H29: -0.18186859 | I29: 0.20611419
B31: NIFFI & Exchange rate differences on gold and foreign currency | H31: % Change
B32: (In millions of Ps. stated in terms of the measuring unit current at the end of the reporting period) | C32: 1Q26 | D32: 4Q25 | E32: 3Q25 | F32: 2Q25 | G32: 1Q25 | H32: QoQ | I32: YoY
B33: Income from:
B34: - Government and corporate securities | C34: 37864.611 | D34: 27468.397 | E34: 4534.8254 | F34: 25192.651 | G34: 31091.495 | H34: 0.37847908 | I34: 0.21784467
B35: - Term Operations | C35: -34477.245 | D35: -19733.295 | E35: 10049.797 | F35: 3786.5135 | G35: -574.87263 | H35: na | I35: na
B36: Subtotal | C36: 3387.3662 | D36: 7735.102 | E36: 14584.623 | F36: 28979.165 | G36: 30516.622 | H36: -0.56207866 | I36: -0.88899931
B37: Result from recognition of assets measured at amortized cost | C37: 593.831 | D37: 7998.1165 | E37: -6933.4243 | F37: -738.55199 | G37: 5215.7153 | H37: na | I37: na
B38: Exchange rate differences on gold and foreign currency | C38: 38270.599 | D38: -14123.053 | E38: -41869.578 | F38: -8182.8855 | G38: -57.087207 | H38: na | I38: na
B39: Total | C39: 42251.796 | D39: 1610.1659 | E39: -34218.379 | F39: 20057.727 | G39: 35675.25 | H39: 25.240648 | I39: 0.18434477
B41: Net Financial Income | H41: % Change
B42: (In millions of Ps. stated in terms of the measuring unit current at the end of the reporting period) | C42: 1Q26 | D42: 4Q25 | E42: 3Q25 | F42: 2Q25 | G42: 1Q25 | H42: QoQ | I42: YoY
B43: Client Net Financial Income | C43: 168302.1 | D43: 164216.69 | E43: 135761.12 | F43: 184480.99 | G43: 166858.02 | H43: 0.024878173 | I43: 0.0086545329
B44: Market related Net Financial Income | C44: 86354.226 | D44: 104684.81 | E44: 11804.678 | F44: 74921.29 | G44: 65764.365 | H44: -0.17510265 | I44: 0.31308538
B45: Net Financial Income | C45: 254656.33 | D45: 268901.5 | E45: 147565.8 | F45: 259402.28 | G45: 232622.39 | H45: -0.052975446 | I45: 0.094719772
B46: Result from exposure to changes in the purchasing power of the currency | C46: -41607.988 | D46: -37924.333 | E46: -34443.267 | F46: -36808.128 | G46: -55524.479 | H46: 0.097131702 | I46: -0.25063704
B47: Adjusted Net Financial Income | C47: 213048.34 | D47: 230977.17 | E47: 113122.53 | F47: 222594.16 | G47: 177097.91 | H47: -0.077621663 | I47: 0.20299749
B50: Yield on US$ / US$ linked denominated operations and Securities | H50: % Chg.
B51: (In millions of Ps. stated in terms of the measuring unit current at the end of the reporting period) | C51: 1Q26 | D51: 4Q25 | E51: 3Q25 | F51: 2Q25 | G51: 1Q25 | H51: QoQ
B52: Financial Income from US$ Operations | C52: -43248.591 | D52: 14157.756 | E52: 63665.914 | F52: 30463.365 | G52: 10429.093 | H52: na
B53: NIFFI | C53: -33192.933 | D53: -12929.888 | E53: 17233.068 | F53: 7670.5397 | G53: 3153.7534 | H53: na
B54: US$ Government & Corporate Securities3 | C54: 1284.312 | D54: 6803.4076 | E54: 7183.2706 | F54: 3884.0262 | G54: 3728.6261 | H54: -0.81122519
B55: Term Operations | C55: -34477.245 | D55: -19733.295 | E55: 10049.797 | F55: 3786.5135 | G55: -574.87263 | H55: 0.74716104
B56: Interest Income | C56: -10055.658 | D56: 27087.644 | E56: 46432.846 | F56: 22792.825 | G56: 7275.3395 | H56: na
B57: US$ / US$ linked Government Securities2 | C57: -10055.658 | D57: 27087.644 | E57: 46432.846 | F57: 22792.825 | G57: 7275.3395 | H57: na
B58: Exchange rate differences on gold and foreign currency1 | C58: 38270.599 | D58: -14123.053 | E58: -41869.578 | F58: -8182.8855 | G58: -57.087207 | H58: na
B59: Total Income from US$ Operations | C59: -4977.992 | D59: 34.703865 | E59: 21796.336 | F59: 22280.479 | G59: 10372.006 | H59: na
B62: Exchange rate differences | H62: % Chg.
B63: (In millions of Ps. stated in terms of the measuring unit current at the end of the reporting period) | C63: 1Q26 | D63: 4Q25 | E63: 3Q25 | F63: 2Q25 | G63: 1Q25 | H63: QoQ
B64: Fx Results on Liabilities1 | C64: 28962.697 | D64: -24657.171 | E64: -55159.671 | F64: -21431.672 | G64: -6696.466 | H64: na
B65: Results on Trading from FX Operations with customers2 | C65: 9307.9025 | D65: 10534.118 | E65: 13290.094 | F65: 13248.787 | G65: 6639.3787 | H65: -0.11640421
B66: Exchange rate differences on gold and foreign currency | C66: 38270.599 | D66: -14123.053 | E66: -41869.578 | F66: -8182.8855 | G66: -57.087207 | H66: na
B70: Net Financial Income broken down by product before interest expenses | H70: % Change
B71: (In millions of Ps. stated in terms of the measuring unit current at the end of the reporting period) | C71: 1Q26 | D71: 4Q25 | E71: 3Q25 | F71: 2Q25 | G71: 1Q25 | H71: QoQ | I71: YoY
B72: Yield on Loan Portfolio (Client Interest Income) | C72: 347788.39 | D72: 381755.31 | E72: 340296.28 | F72: 320111.24 | G72: 287555.93 | H72: -0.08897562 | I72: 0.20946347
B73: Yield on Investment Portfolio (Market related income) | C73: 168971.86 | D73: 205101.13 | E73: 130740.83 | F73: 155093.29 | G73: 145999.06 | H73: -0.17615345 | I73: 0.15734892
B74: AR$ Securities | C74: 153601.95 | D74: 176886.03 | E74: 112585.84 | F74: 133224.08 | G74: 132236.7 | H74: -0.13163325 | I74: 0.1615682
B75: US$ Securities1 | C75: 15369.909 | D75: 28215.097 | E75: 18154.983 | F75: 21869.21 | G75: 13762.361 | H75: -0.45525939 | I75: 0.11680762
B76: Interest Expenses | C76: -262103.92 | D76: -317954.93 | E76: -323471.31 | F76: -215802.25 | G76: -200932.6 | H76: -0.17565699 | I76: 0.30443699
B77: Net Financial Income | C77: 254656.33 | D77: 268901.5 | E77: 147565.8 | F77: 259402.28 | G77: 232622.39 | H77: -0.052975451 | I77: 0.09471977
B80: Yield on AR$ Investment Portfolio | H80: % Chg.
B81: (In millions of Ps. stated in terms of the measuring unit current at the end of the reporting period) | C81: 1Q26 | D81: 4Q25 | E81: 3Q25 | F81: 2Q25 | G81: 1Q25 | H81: QoQ | I81: YoY
B82: NIFFI | C82: 36365.538 | D82: 22590.838 | E82: -5332.6711 | F82: 21473.186 | G82: 29386.786 | H82: na | I82: 0.23747925
B83: AR$ Government Securities | C83: 36365.538 | D83: 22590.838 | E83: -5332.6711 | F83: 21473.186 | G83: 29386.786 | H83: na | I83: 0.23747925
B84: Interest Income | C84: 117236.41 | D84: 154295.19 | E84: 117918.51 | F84: 111750.89 | G84: 102849.91 | H84: -0.24018106 | I84: 0.13987852
B85: AR$ Government Securities | C85: 117164.77 | D85: 154283.53 | E85: 117839.53 | F85: 111462.76 | G85: 102681.89 | H85: -0.24058798 | I85: 0.14104607
B86: Securities issued by the Central Bank and Repo transactions | C86: 71.638 | D86: 11.657131 | E86: 78.984279 | F86: 288.13133 | G86: 168.02128 | H86: 5.1454229 | I86: -0.57363733
B87: Yield from AR$ Operations | C87: 153601.95 | D87: 176886.03 | E87: 112585.84 | F87: 133224.08 | G87: 132236.7 | H87: -0.13163325 | I87: 0.1615682
B90: AR$ million | C90: Increase (Decrease) Due to Changes in
B91: Assets | C91: Volume | D91: Rate | E91: Net Change
B92: Investment Portfolio | C92: 7968.8143 | D92: -53624.058 | E92: -34007.188
B93: Government & Corporate Securities | C93: 6159.1378 | D93: -53447.317 | E93: -47288.18
B94: Central Bank instruments | C94: 1809.6764 | D94: -176.74052 | E94: 1632.9359
B95: Fx differences | E95: 11648.055
B96: Loan portfolio | C96: -186.24717 | D96: -33780.668 | E96: -33966.915
B97: AR$ | C97: 174.9568 | D97: -33547.56 | E97: -33372.603
B98: US$ | C98: -361.20396 | D98: -233.1082 | E98: -594.31216
B99: Total Interest‑Earning Assets | C99: 7782.5671 | D99: -87404.726 | E99: -67974.103
B101: Liabilities
B102: Deposits | C102: -2947.8442 | D102: -42890.309 | E102: -45838.153
B103: AR$ | C103: -1115.7981 | D103: -43101.591 | E103: -44217.389
B104: US$ | C104: -1832.046 | D104: 211.28199 | E104: -1620.7641
B105: Other liabilities | C105: -881.17242 | D105: -3840.4822 | E105: -4721.6546
B106: Other results | E106: 3169.1187
B107: Total Interest‑Bearing Liabilities | C107: -3829.0166 | D107: -46730.791 | E107: -53728.926

Sheet Investment Portfolio
B2: Securities Breakdown1
B3: (In millions of Ps. stated in terms of the measuring unit current at the end of the reporting period) | C3: mar 26 | D3: dec 25 | E3: sep 25 | F3: jun 25 | G3: mar 25
B4: Held for trading | C4: 297589.25 | D4: 257814.45 | E4: 171763.76 | F4: 215977.42 | G4: 233035.85
B5: Government Securities | C5: 287080.52 | D5: 243950.98 | E5: 154828.12 | F5: 182963.91 | G5: 204464.63
B6: Securities Issued by the Central Bank | C6: 32.13 | D6: 0.11272556 | E6: 1257.188 | F6: 4545.0024 | G6: 1548.5626
B7: Corporate Securities | C7: 10476.598 | D7: 13863.357 | E7: 15678.444 | F7: 28468.507 | G7: 27022.653
B8: Held to maturity | C8: 815617.43 | D8: 792088.92 | E8: 1039279.8 | F8: 1233498.2 | G8: 1294567.1
B9: Government Securities2 | C9: 801554.64 | D9: 789024.65 | E9: 1035952.3 | F9: 1199914.8 | G9: 1293015.7
B10: Securities Issued by the Central Bank | C10: 12705.228 | D10: 1580.0534 | E10: 1748.0042 | F10: 30506.67 | G10: 0
B11: Corporate Securities | C11: 1357.565 | D11: 1484.2159 | E11: 1579.4808 | F11: 3076.7849 | G11: 1551.3956
B12: Available for sale | C12: 117939.29 | D12: 129416.77 | E12: 112216.43 | F12: 252648.02 | G12: 477819.7
B13: Government Securities | C13: 677.647 | D13: 798.01159 | E13: 304.09916 | F13: 126081.38 | G13: 337647.76
B14: Securities Issued by the Central Bank | C14: 0 | D14: 0 | E14: 0 | F14: 0 | G14: 0
B15: Corporate Securities | C15: 117261.64 | D15: 128618.76 | E15: 111912.33 | F15: 126566.63 | G15: 140171.94
... B20: Total (incl. US$ Gov Sec. in Guarantee) | C20: 1972407.7 | D20: 1817824.3 | E20: 1994335.8 | F20: 1799257.7 | G20: 2031696.7
B22: Investment Portfolio
B23: (In millions of Ps. stated in terms of the measuring unit current at the end of the reporting period) | C23: mar 26 | D23: dec 25 | E23: sep 25 | F23: jun 25 | G23: mar 25
B24: Securities Issued by the Central Bank | C24: 12737.358 | D24: 1580.1661 | E24: 3005.1922 | F24: 35051.672 | G24: 1548.4026
B25: AR$ Leliq | C25: 0 | D25: 0 | E25: 0 | F25: 0 | G25: 0
B26: Bopreal | C26: 12737.358 | D26: 1580.1661 | E26: 3005.1922 | F26: 35051.672 | G26: 1548.4026
B27: Government Securities | C27: 1089312.8 | D27: 1033773.6 | E27: 1191084.6 | F27: 1508960.1 | G27: 1835128.1
B28: AR$ | C28: 1054550.2 | D28: 954281.41 | E28: 1042318.2 | F28: 1499046.4 | G28: 1660873.8
B29: US$ Linked/US$ | C29: 34762.624 | D29: 79492.241 | E29: 148766.36 | F29: 9913.6974 | G29: 174254.28
B30: Corporate Securities | C30: 129095.81 | D30: 143966.33 | E30: 129170.25 | F30: 158111.93 | G30: 168745.99
B31: AR$ | C31: 97148.585 | D31: 103108.81 | E31: 87016.098 | F31: 115635.06 | G31: 123108.54
B32: US$ Linked/US$ | C32: 31947.22 | D32: 40857.513 | E32: 42154.153 | F32: 42476.868 | G32: 45637.453
B33: Gov Sec. in Guarantee | C33: 671862.02 | D33: 556749.24 | E33: 591357.69 | F33: 53479.688 | G33: 22226.723
B34: AR$ | C34: 608509.53 | D34: 489252.88 | E34: 452196.6 | F34: 22804.14 | G34: 22226.723
B35: US$ Linked/US$ | C35: 63352.484 | D35: 67496.358 | E35: 139161.08 | F35: 30675.548 | G35: 0
... B40: US$ Linked/US$ | C40: 202457.42 | D40: 267178.85 | E40: 412210.59 | F40: 161772.09 | G40: 221440.14
B42: Goverment Securities breakdown
B43: (In millions of Ps. stated in terms of the measuring unit current at the end of the reporting period) | C43: mar 26 | D43: dec 25 | E43: sep 25 | F43: jun 25 | G43: mar 25
B45: Dual (interest rate)1 | C45: 235474 | D45: 358924.53 | E45: 360029.18 | F45: 345807.1 | G45: 365830.71
B46: Dual (currency) | C46: 0 | D46: 0 | E46: 0 | F46: 0 | G46: 0
B47: US$ | C47: 63352.484 | D47: 67496.358 | E47: 139161.08 | F47: 30675.548 | G47: 0
B48: Dollar linked | C48: 12611.044 | D48: 72078.445 | E48: 64243.721 | F48: 0 | G48: 0
B49: Lecer | C49: 78811.722 | D49: 50473.171 | E49: 0 | F49: 0 | G49: 5.5602011
B50: Boncer2 | C50: 621780.69 | D50: 601995.33 | E50: 848314.34 | F50: 820917.63 | G50: 851296.99
B51: Treasury Bonds (Fixed interest rate) | C51: 117656.89 | D51: 7221.0461 | E51: 7658.467 | F51: 83548.04 | G51: 181567.64
B52: Treasury Bonds (Badlar) | C52: 2400.325 | D52: 2628.5412 | E52: 4323.7484 | F52: 4514.4464 | G52: 4766.567
B53: Lecap | C53: 596604.29 | D53: 426566.91 | E53: 354496.78 | F53: 266640.01 | G53: 443359.09
B54: Bopreal3 | C54: 72395.095 | D54: 79332.733 | E54: 82128.999 | F54: 78705.978 | G54: 1548.4026
B55: Others | C55: 32483.378 | D55: 3138.5433 | E55: 4214.9371 | F55: 10336.969 | G55: 10528.22
B56: Total | C56: 1833569.9 | D56: 1669855.6 | E56: 1864571.3 | F56: 1641145.7 | G56: 1858903.2

Sheet Earning assets
B2: Interest Earning Assets | C2: 1Q26 | E2: 4Q25 | G2: 3Q25 | I2: 2Q25 | K2: 1Q25
C3: Avg. Balance | D3: Avg. Rate | E3: Avg. Balance | F3: Avg. Rate | G3: Avg. Balance | H3: Avg. Rate | I3: Avg. Balance | J3: Avg. Rate | K3: Avg. Balance | L3: Avg. Rate
B4: Investment Portfolio
B5: Government and Corporate Securities | C5: 1793415.5 | D5: 0.34927145 | E5: 1840445.1 | F5: 0.44312189 | G5: 1833603.6 | H5: 0.29802792 | I5: 1724070.2 | J5: 0.3354841 | K5: 1736256 | L5: 0.33060011
B6: Securities Issued by the Central Bank | C6: 73098.329 | D6: 0.098548846 | E6: 2038.548 | F6: 0.44734574 | G6: 36803.113 | H6: 0.0660647 | I6: 14636.874 | J6: 0.024348794 | K6: 1405.7735 | L6: 0.56497313
B7: Total Investment Portfolio | C7: 1866513.8 | D7: 0.33945239 | E7: 1842483.7 | F7: 0.44312657 | G7: 1870406.7 | H7: 0.29346369 | I7: 1738707.1 | J7: 0.33286488 | K7: 1737661.7 | L7: 0.33078972
B8: Loans
B9: Loans to the Financial Sector | C9: 306439.2 | D9: 0.41381861 | E9: 175306.4 | F9: 0.51000151 | G9: 23671.729 | H9: 0.51289048 | I9: 13500.937 | J9: 0.58361499 | K9: 12041.341 | L9: 0.37992549
B10: Overdrafts | C10: 312036.62 | D10: 0.43729169 | E10: 311673.91 | F10: 0.54966233 | G10: 231949.69 | H10: 0.62067656 | I10: 190274.59 | J10: 0.47543831 | K10: 153957.97 | L10: 0.46141182
B11: Promissory Notes | C11: 335894.26 | D11: 0.39696248 | E11: 364096.93 | F11: 0.52739048 | G11: 319997.64 | H11: 0.47915999 | I11: 366186 | J11: 0.4051875 | K11: 351727.68 | L11: 0.40182262
B12: Corporate Unsecured Loans | C12: 464300.07 | D12: 0.38668255 | E12: 467372.39 | F12: 0.44764304 | G12: 512762.69 | H12: 0.42134477 | I12: 484205.83 | J12: 0.39438391 | K12: 446494.07 | L12: 0.40207174
B13: Receivables from Financial Leases | C13: 116404.02 | D13: 0.4338045 | E13: 125444.75 | F13: 0.45270793 | G13: 123870.11 | H13: 0.47275719 | I13: 112261.39 | J13: 0.45742095 | K13: 104044.21 | L13: 0.445589
B14: Mortgage loans | C14: 396733.57 | D14: 0.39174127 | E14: 402476.37 | F14: 0.32256741 | G14: 400256.8 | H14: 0.26733069 | I14: 392028.71 | J14: 0.3922279 | K14: 384244.96 | L14: 0.33868666
B15: Automobile and Other Secured Loans | C15: 277725.2 | D15: 0.51389923 | E15: 292994.13 | F15: 0.51974742 | G15: 314262.11 | H15: 0.50591521 | I15: 312743.71 | J15: 0.54758359 | K15: 293209.48 | L15: 0.55548789
B16: Personal Loans | C16: 486407.35 | D16: 0.59225093 | E16: 518167.8 | F16: 0.62333438 | G16: 538638.48 | H16: 0.62422519 | I16: 533809.87 | J16: 0.62876714 | K16: 474804.87 | L16: 0.64889108
B17: Credit Card | C17: 346664.96 | D17: 0.322482 | E17: 382669.6 | F17: 0.35062401 | G17: 396883.82 | H17: 0.30850252 | I17: 399830.51 | J17: 0.25743535 | K17: 383813.12 | L17: 0.20651833
B18: Total Loans excl. Foreign trade and US$ loans1 | C18: 3042605.3 | D18: 0.43536377 | E18: 3040202.3 | F18: 0.47958081 | G18: 2862293.1 | H18: 0.45722412 | I18: 2804841.6 | J18: 0.44659257 | K18: 2604337.7 | L18: 0.43128148
B19: Foreign Trade Loans & US$ loans | C19: 833747.9 | D19: 0.079776465 | E19: 852851.31 | F19: 0.080903378 | G19: 718018.91 | H19: 0.073083968 | I19: 449610.85 | J19: 0.061883632 | K19: 501625.78 | L19: 0.053867041
B20: Total Loans | C20: 3876353.2 | D20: 0.35888205 | E20: 3893053.6 | F20: 0.39224254 | G20: 3580312 | H20: 0.38018617 | I20: 3254452.4 | J20: 0.39344406 | K20: 3105963.5 | L20: 0.37032751
... B22: Total Interest‑Earning Assets | C22: 5743827.9 | D22: 0.35255804 | E22: 5735707.3 | F22: 0.40858454 | G22: 5451472.2 | H22: 0.35043699 | I22: 4996202.2 | J22: 0.37235322 | K22: 4845502.9 | L22: 0.35614393

Sheet Bearing Liabilities
B2: Interest-Bearing Liabilities & Low & Non-Interest -Bearing Deposits | C2: 1Q26 | E2: 4Q25 | G2: 3Q25 | I2: 2Q25 | K2: 1Q25
C3: Avg. Balance | D3: Avg. Rate | E3: Avg. Balance | F3: Avg. Rate | G3: Avg. Balance | H3: Avg. Rate | I3: Avg. Balance | J3: Avg. Rate | K3: Avg. Balance | L3: Avg. Rate
B4: Time Deposits | C4: 1944541.6 | D4: 0.22188106 | E4: 1985466.6 | F4: 0.26971257 | G4: 1923859.9 | H4: 0.2850898 | I4: 1364378.5 | J4: 0.25719309 | K4: 1463362.8 | L4: 0.2747544
B5: AR$ Time Deposits | C5: 1380982 | D5: 0.29821113 | E5: 1276609.7 | F5: 0.40046086 | G5: 1293654.8 | H5: 0.40790105 | I5: 1107907.7 | J5: 0.31066304 | K5: 1288141.2 | L5: 0.30932263
B6: FX Time Deposits | C6: 563559.66 | D6: 0.034837057 | E6: 708856.86 | F6: 0.034242566 | G6: 630205.09 | H6: 0.032988748 | I6: 256470.81 | J6: 0.02621255 | K6: 175221.59 | L6: 0.020626134
B7: Special Checking Accounts | C7: 1876078.6 | D7: 0.12055029 | E7: 2309917.5 | F7: 0.14070979 | G7: 2122050.5 | H7: 0.1863023 | I7: 2074074.6 | J7: 0.16681031 | K7: 1743842.6 | L7: 0.16618145
B8: AR$ Special Checking Accounts | C8: 1250520.8 | D8: 0.17343103 | E8: 1510057.2 | F8: 0.20748027 | G8: 1358017.3 | H8: 0.28329483 | I8: 1397272.1 | J8: 0.24114013 | K8: 1135595 | L8: 0.24906275
B9: FX Special Checking Accounts | C9: 625557.78 | D9: 0.014839083 | E9: 799860.31 | F9: 0.014653717 | G9: 764033.21 | H9: 0.013904637 | I9: 676802.45 | J9: 0.01335491 | K9: 608247.66 | L9: 0.011442521
B10: Borrowings from Other Fin. Inst. & Medium-Term Notes | C10: 1060640.4 | D10: 0.21028348 | E10: 1099440.3 | F10: 0.22004084 | G10: 771565.71 | H10: 0.31382806 | I10: 486801.59 | J10: 0.1995128 | K10: 328733.17 | L10: 0.1632851
B11: Subordinated Loans and Negotiable Obligations | C11: 0 | D11: 0 | E11: 0 | F11: 0 | G11: 0 | H11: 0 | I11: 0 | J11: 0 | K11: 0 | L11: 0
B12: Total Interest‑Bearing Liabilities | C12: 4881260.6 | D12: 0.18041527 | E12: 5394824.4 | F12: 0.20435421 | G12: 4817476.1 | H12: 0.24617759 | I12: 3925254.7 | J12: 0.20228213 | K12: 3535938.6 | L12: 0.21084554
B14: Low & Non-Interest-Bearing Deposits
B15: Savings Accounts | C15: 1049645.4 | D15: 0.047409876 | E15: 896063.29 | F15: 0.026185936 | G15: 853952.55 | H15: 0.018657302 | I15: 768890.3 | J15: 0.014288097 | K15: 748342.86 | L15: 0.0031869179
B16: AR$ Savings Accounts | C16: 510320.05 | D16: 0.087635883 | E16: 390976.01 | F16: 0.04864372 | G16: 391886.66 | H16: 0.032936958 | I16: 374705.92 | J16: 0.025301333 | K16: 373762.13 | L16: 0.0060967147
B17: FX Savings Accounts | C17: 539325.38 | D17: 0.0093472552 | E17: 505087.28 | F17: 0.0088019008 | G17: 462065.89 | H17: 0.0065464615 | I17: 394184.38 | J17: 0.0038190748 | K17: 374580.73 | L17: 0.0002834801
B18: Checking Accounts | C18: 563070.24 | D18: 0.067737062 | E18: 574605.71 | F18: 0.078102452 | G18: 545625.62 | I18: 490621.87 | K18: 524385.39
B19: AR$ Checking Accounts | C19: 535745 | D19: 0.071191936 | E19: 550287.72 | F19: 0.081553909 | G19: 526852.53 | I19: 481456.13 | K19: 511211.11
B20: FX Checking Accounts | C20: 27325.241 | E20: 24317.987 | G20: 18773.09 | I20: 9165.7484 | K20: 13174.275
B21: Total Low & Non-Interest-Bearing Deposits | C21: 1612715.7 | E21: 1470669 | G21: 1399578.2 | I21: 1259512.2 | K21: 1272728.3
B23: Total Interest‑Bearing Liabilities & Low & Non-Interest-Bearing Deposits | C23: 6493976.3 | D23: 0.14914717 | E23: 6865493.4 | F23: 0.17053362 | G23: 6217054.3 | H23: 0.20178008 | I23: 5184766.8 | J23: 0.16040621 | K23: 4808666.9 | L23: 0.16115673
B24: AR$ | C24: 4282727.5 | D24: 0.21027905 | E24: 4335723.1 | F24: 0.25254941 | G24: 4122529.2 | H24: 0.29301073 | I24: 3641045 | J24: 0.2206182 | K24: 3467546.6 | L24: 0.21793752
B25: FX | C25: 2211248.7 | D25: 0.030747492 | E25: 2529770.2 | F25: 0.029968391 | G25: 2094525.1 | H25: 0.022216212 | I25: 1543721.8 | J25: 0.018389326 | K25: 1341120.2 | L25: 0.014346598
B27: AR$ Liabilities. Avg. Balance | C27: 1Q26 | E27: 4Q25 | G27: 1Q25
B28: (In millions of Ps. stated in terms of the measuring unit current at the end of the reporting period) | C28: Avg. Balance | D28: Avg. Rate | E28: Avg. Balance | F28: Avg. Rate | G28: Avg. Balance | H28: Avg. Rate
B29: Interest‑Bearing Liabilities
B30: Time Deposits | C30: 1380982 | D30: 0.29821113 | E30: 1276609.7 | F30: 0.40046086 | G30: 1288141.2 | H30: 0.30932263
B31: Special Checking Accounts | C31: 1250520.8 | D31: 0.17343103 | E31: 1510057.2 | F31: 0.20748027 | G31: 1135595 | H31: 0.24906275
B32: Borrowings from Other Fin. Inst. & Medium Term-Notes | C32: 605159.68 | D32: 0.31231669 | E32: 607792.48 | F32: 0.33983367 | G32: 158837.18 | H32: 0.28404515
B33: Total Interest‑Bearing Liabilities | C33: 3236662.5 | D33: 0.25263826 | E33: 3394459.4 | F33: 0.30375607 | G33: 2582573.4 | H33: 0.28127083
B34: Low & Non-Interest-Bearing Deposits
B35: Savings Accounts | C35: 510320.05 | D35: 0.087635883 | E35: 390976.01 | F35: 0.04864372 | G35: 373762.13
B36: Checking Accounts | C36: 535745 | D36: 0.071191936 | E36: 550287.72 | F36: 0.081553909 | G36: 511211.11
B37: Total Low & Non-Interest-Bearing Deposits | C37: 1046065.1 | E37: 941263.73 | G37: 884973.25
B39: Total Interest‑Bearing Liabilities & Low & Non-Interest-Bearing Deposits | C39: 4282727.5 | D39: 0.21027905 | E39: 4335723.1 | F39: 0.25254941 | G39: 3467546.6 | H39: 0.21793752
B41: US$ Liabilities. Average Balance | C41: 1Q26 | E41: 4Q25 | G41: 1Q25
B42: (In millions of Ps. stated in terms of the measuring unit current at the end of the reporting period) | C42: Avg. Balance | D42: Avg. Rate | E42: Avg. Balance | F42: Avg. Rate | G42: Avg. Balance | H42: Avg. Rate
B43: Interest‑Bearing-Liabilities
B44: Time Deposits | C44: 563559.66 | D44: 0.034837057 | E44: 708856.86 | F44: 0.034242566 | G44: 175221.59 | H44: 0.020626134
B45: Special Checking Accounts | C45: 625557.78 | D45: 0.014839083 | E45: 799860.31 | F45: 0.014653717 | G45: 608247.66 | H45: 0.011442521
B46: Borrowings from Other Fin. Inst. & Medium Term Notes | C46: 455480.68 | D46: 0.07472035 | E46: 491647.81 | F46: 0.071948682 | G46: 169895.98 | H46: 0.050385514
B47: Subordinated Loans and Negotiable Obligations | C47: 0 | D47: 0 | E47: 0 | F47: 0 | G47: 0 | H47: 0
B48: Total Interest‑Bearing-Liabilities | C48: 1644598.1 | D48: 0.038276305 | E48: 2000365 | F48: 0.035677197 | G48: 953365.22 | H48: 0.020070301
B49: Low & Non-Interest-Bearing Deposits
B50: Savings Accounts | C50: 539325.38 | E50: 505087.28 | G50: 374580.73
B51: Checking Accounts | C51: 27325.241 | E51: 24317.987 | G51: 13174.275
B52: Total Low & Non-Interest-Bearing Deposits | C52: 566650.62 | E52: 529405.26 | G52: 387755.01
B54: Total Interest‑Bearing Liabilities & Low & Non-Interest-Bearing Deposits | C54: 2211248.7 | D54: 0.030747492 | E54: 2529770.2 | F54: 0.029968391 | G54: 1341120.2 | H54: 0.014346598

Sheet Assets & Liabilities avg life
B2: ASSETS | C2: mar 26 | E2: dec 25 | G2: sep 25 | I2: jun 25 | K2: mar 25
B3: AR$ | C3: Avg. Repricing (days) | D3: % of total AR$ Assets | E3: Avg. Repricing (days) | F3: % of total AR$ Assets | G3: Avg. Repricing (days) | H3: % of total AR$ Assets | I3: Avg. Repricing (days) | J3: % of total AR$ Assets | K3: Avg. Repricing (days) | L3: % of total AR$ Assets
B4: Total AR$ Assets | C4: 140.94597 | E4: 153.81021 | G4: 161.26287 | I4: 171.87176 | K4: 189.44826
B5: Cash | C5: 1 | D5: 0 | E5: 1 | F5: 0 | G5: 1 | H5: 0 | I5: 1 | J5: 0 | K5: 1 | L5: 0
B6: Cash (without interest rate risk) | D6: 0.10205366 | F6: 0.10843516 | H6: 0.12484049 | J6: 0.08336972 | L6: 0.069395519
B7: Government & Corporate Securities | C7: 9.9614206 | D7: 0.25112128 | E7: 19.295291 | F7: 0.21575793 | G7: 5.7028595 | H7: 0.22459303 | I7: 27.493916 | J7: 0.21306957 | K7: 37.422115 | L7: 0.29054392
B8: Total AR$ Loans | C8: 189.95039 | E8: 208.89168 | G8: 239.26511 | I8: 230.68208 | K8: 249.49264
B9: Promissory Notes | C9: 43.252391 | D9: 0.058333475 | E9: 45.001172 | F9: 0.067360255 | G9: 41.589672 | H9: 0.05024893 | I9: 40.155911 | J9: 0.066667154 | K9: 48.310109 | L9: 0.065841868
B10: Corporate Unsecured Loans | C10: 146.72536 | D10: 0.040770955 | E10: 129.29881 | F10: 0.036548346 | G10: 103.31633 | H10: 0.039392333 | I10: 88.036817 | J10: 0.046324431 | K10: 83.733606 | L10: 0.057572894
B11: Mortgage | C11: 1 | D11: 0.065246521 | E11: 1.0000515 | F11: 0.064398614 | G11: 1.000073 | H11: 0.060812532 | I11: 1.0000919 | J11: 0.061684722 | K11: 1.0001191 | L11: 0.071006162
B12: Personal Loans | C12: 614.96941 | D12: 0.076729925 | E12: 649.97102 | F12: 0.081119895 | G12: 659.4404 | H12: 0.080546731 | I12: 692.87232 | J12: 0.083037834 | K12: 727.78012 | L12: 0.096005899
B13: Auto Loans | C13: 256.41318 | D13: 0.043338698 | E13: 293.36499 | F13: 0.046557663 | G13: 331.49583 | H13: 0.046142834 | I13: 360.53712 | J13: 0.049148502 | K13: 393.0193 | L13: 0.056416243
B14: Credit Cards | C14: 79.577238 | D14: 0.055186371 | E14: 97.807194 | F14: 0.061003945 | G14: 103.85999 | H14: 0.060668349 | I14: 105.76918 | J14: 0.064200351 | K14: 112.91279 | L14: 0.073307571
B15: Overdraft | C15: 24.877864 | D15: 0.037305877 | E15: 29.198112 | F15: 0.064845453 | G15: 51.808973 | H15: 0.034860025 | I15: 31.806185 | J15: 0.038797495 | K15: 40.79569 | L15: 0.028982982
B16: Other Loans | C16: 192.53428 | D16: 0.015267356 | E16: 168.95571 | F16: 0.01495398 | G16: 325.68455 | H16: 0.016110224 | I16: 76.612991 | J16: 0.0049095745 | K16: 72.458699 | L16: 0.0085582518
B17: Receivable From Financial Leases | C17: 525.3544 | D17: 0.017829609 | E17: 533.556 | F17: 0.01719967 | G17: 613.65878 | H17: 0.017351679 | I17: 688.45162 | J17: 0.016052767 | K17: 753.54597 | L17: 0.017511368
B18: Other Assets (without interest rate risk) | D18: 0.014795235 | F18: 0.017543688 | H18: 0.023504564 | J18: 0.016427702 | L18: 0.026750901
B19: US$ | C19: Avg. Repricing (days) | D19: % of total US$ Assets | E19: Avg. Repricing (days) | F19: % of total US$ Assets | G19: Avg. Repricing (days) | H19: % of total US$ Assets | I19: Avg. Repricing (days) | J19: % of total US$ Assets | K19: Avg. Repricing (days) | L19: % of total US$ Assets
B20: Total US$ Assets | C20: 130.03054 | E20: 108.41901 | G20: 104.98299 | I20: 147.98279 | K20: 132.50167
B21: Cash | C21: 1 | D21: 0.10131975 | E21: 1 | F21: 0.10509665 | G21: 1 | H21: 0.075372805 | I21: 1 | J21: 0.098237225 | K21: 1 | L21: 0.10355968
B22: Cash (without interest rate risk) | D22: 0.31875774 | F22: 0.33336079 | H22: 0.40225803 | J22: 0.43799816 | L22: 0.43526657
B23: Government & Corporate Securities | C23: 12.471567 | D23: 0.12670641 | E23: 20.364777 | F23: 0.14407556 | G23: 43.670212 | H23: 0.15751182 | I23: 87.823978 | J23: 0.06998109 | K23: 64.572003 | L23: 0.13527141
B24: Total US$ Loans | C24: 168.79922 | D24: 0.44348465 | E24: 155.05886 | F24: 0.41161547 | G24: 148.83025 | H24: 0.35801774 | I24: 193.17665 | J24: 0.39459708 | K24: 199.43464 | L24: 0.32217558
B25: Receivable From Financial Leases | C25: 952.56402 | D25: 0.012800972 | E25: 640.9229 | F25: 0.0083237104 | G25: 255.56616 | H25: 0.0086031816 | I25: 281.44854 | J25: 0.0024835808 | K25: 180.78299 | L25: 0.0075625105
B26: Other Assets (without interest rate risk) | D26: 0 | F26: 0 | H26: 0 | J26: 0 | L26: 0
B27: LIABILITIES
B28: AR$ | C28: Avg. Repricing (days) | D28: % of total AR$ Liabilities | E28: Avg. Repricing (days) | F28: % of total AR$ Liabilities | G28: Avg. Repricing (days) | H28: % of total AR$ Liabilities | I28: Avg. Repricing (days) | J28: % of total AR$ Liabilities | K28: Avg. Repricing (days) | L28: % of total AR$ Liabilities
B29: Total AR$ Liabilities | C29: 12.682364 | E29: 15.535861 | G29: 14.670621 | I29: 21.655291 | K29: 19.879799
B30: Deposits | C30: 12.347383 | D30: 0.74091459 | E30: 16.626385 | F30: 0.71350878 | G30: 14.569529 | H30: 0.69637566 | I30: 12.56533 | J30: 0.75652748 | K30: 19.883578 | L30: 0.84269025
B31: Private Sector Deposits | D31: 0.67312352 | F31: 0.68864113 | H31: 0.66573914 | J31: 0.71586888 | L31: 0.80248978
B32: Checking Accounts (without interest rate risk) | C32: 0 | D32: 0.22820778 | E32: 0 | F32: 0.23530057 | G32: 0 | H32: 0.16360086 | I32: 0 | J32: 0.20672097 | K32: 0 | L32: 0.21389549
B33: Special Checking Accounts | C33: 1 | D33: 0.25642187 | E33: 1 | F33: 0.24481272 | G33: 1 | H33: 0.25527504 | I33: 1 | J33: 0.34557661 | K33: 1 | L33: 0.31964893
B34: Time Deposits | C34: 18.084568 | D34: 0.17963958 | E34: 22.614165 | F34: 0.1807339 | G34: 20.562171 | H34: 0.2298665 | I34: 24.476893 | J34: 0.14257794 | K34: 31.308804 | L34: 0.23298068
B35: Cancellable before maturity Time Deposit | C35: 146.61501 | D35: 0.008854284 | E35: 115.10626 | F35: 0.027793936 | G35: 130.8744 | H35: 0.016996737 | I35: 120.50423 | J35: 0.02099336 | K35: 115.08862 | L35: 0.035964668
B36: Public Sector Deposits | C36: 24.18428 | D36: 0.067478344 | E36: 21.140356 | F36: 0.024711943 | G36: 17.785933 | H36: 0.030499598 | I36: 17.775713 | J36: 0.040587326 | K36: 23.028144 | L36: 0.040130458
B37: Other Sources of funding | C37: 1 | D37: 0.15685479 | E37: 0 | F37: 0.13273115 | G37: 0 | H37: 0.11702526 | I37: 0 | J37: 0.056501225 | K37: 0 | L37: 0.059690555
B38: Other Liabilities (without interest rate risk) | D38: -0.021060286 | F38: 0.01325702 | H38: 0.014872816 | J38: 0.022355043 | L38: 0.031166351
B39: US$ | C39: Avg. Repricing (days) | D39: % of total US$ Liabilities | E39: Avg. Repricing (days) | F39: % of total US$ Liabilities | G39: Avg. Repricing (days) | H39: % of total US$ Liabilities | I39: Avg. Repricing (days) | J39: % of total US$ Liabilities | K39: Avg. Repricing (days) | L39: % of total US$ Liabilities
B40: Total U$S Liabilities | C40: 86.208028 | E40: 85.175019 | G40: 68 | I40: 100.53594 | K40: 59.412938
B41: Deposits | C41: 71.399267 | D41: 0.77531451 | E41: 72.606632 | F41: 0.76691051 | G41: 77.540128 | H41: 0.79445127 | I41: 106.27765 | J41: 0.83221622 | K41: 82.67639 | L41: 0.83338922
B42: Private Sector Deposits | C42: 71.427073 | D42: 0.76968235 | E42: 72.638534 | F42: 0.76099743 | G42: 77.5716 | H42: 0.78869671 | I42: 106.35799 | J42: 0.83190856 | K42: 82.77459 | L42: 0.8330339
B43: Checking Accounts (without interest rate risk) | D43: 0.48778989 | F43: 0.49990134 | H43: 0.51384466 | J43: 0.62678796 | L43: 0.68421097
B44: Special Checking Accounts | C44: 1 | D44: 0.01408459 | E44: 3 | F44: 0.013166215 | G44: 3 | H44: 0.0095504919 | I44: 3 | J44: 0.0069742399 | K44: 3 | L44: 0.0082913043
B45: Time Deposits | C45: 75.130983 | D45: 0.26780787 | E45: 76.442869 | F45: 0.24792988 | G45: 80.328073 | H45: 0.26530155 | I45: 110.06632 | J45: 0.19814636 | K45: 87.599254 | L45: 0.14053163
B46: Public Sector Deposits | C46: 4.2242584 | D46: 0.0056320952 | E46: 4.2159327 | F46: 0.0059109192 | G46: 4.2125679 | H46: 0.0057544936 | I46: 4.0279475 | J46: 0.00030766331 | K46: 3.9341861 | L46: 0.00035524084
B47: Other Sources of funding | C47: 0 | D47: 0 | E47: 0 | F47: 0 | G47: 0 | H47: 0 | I47: 0 | J47: 0 | K47: 0 | L47: 0
B48: Subordinated Negotiable Obligations | C48: 0 | D48: 0 | E48: 0 | F48: 0 | G48: 0 | H48: 0 | I48: 0 | J48: 0 | K48: 0 | L48: 0

Sheet Net Fee Income
B2: Net Service Fee Income | H2: % Change
B3: (In millions of Ps. stated in terms of the measuring unit current at the end of the reporting period) | C3: 1Q26 | D3: 4Q25 | E3: 3Q25 | F3: 2Q25 | G3: 1Q25 | H3: QoQ | I3: YoY
B4: Income from:
B5: Banking Business | C5: 46902.913 | D5: 47905.782 | E5: 49538.194 | F5: 48067.584 | G5: 50500.222 | H5: -0.020934186 | I5: -0.071233536
B6: Deposit Accounts | C6: 24398.257 | D6: 26194.091 | E6: 27126.958 | F6: 25679.909 | G6: 26869.96 | H6: -0.068558749 | I6: -0.091987608
B7: Loan Related | C7: 133.679 | D7: 71.207379 | E7: 28.415889 | F7: 167.22473 | G7: 650.24119 | H7: 0.87731948 | I7: -0.79441628
B8: Credit cards commissions | C8: 15474.902 | D8: 14561.445 | E8: 14683.722 | F8: 15049.534 | G8: 15029.913 | H8: 0.062731216 | I8: 0.029606877
B9: Leasing commissions | C9: 526.711 | D9: 570.02875 | E9: 576.83413 | F9: 547.95568 | G9: 561.85083 | H9: -0.075992218 | I9: -0.062542991
B10: Other (foreign trade, transfer and payments, & others) | C10: 6369.364 | D10: 6509.0094 | E10: 7122.2633 | F10: 6622.9609 | G10: 7388.2568 | H10: -0.021454178 | I10: -0.13790707
B11: Brokerage Business | C11: 13564.466 | D11: 17610.949 | E11: 16084.986 | F11: 10959.762 | G11: 15618.245 | H11: -0.22977088 | I11: -0.13149871
B12: Asset Management | C12: 6457.6724 | D12: 8326.4261 | E12: 8612.1683 | F12: 9568.152 | G12: 10158.957 | H12: -0.22443647 | I12: -0.36433709
B13: Other1 | C13: -289.03329 | D13: -38.233034 | E13: -347.27385 | F13: 197.00012 | G13: 26.406785 | H13: na | I13: na
B14: Total Fee Income | C14: 66636.018 | D14: 73804.924 | E14: 73888.074 | F14: 68792.497 | G14: 76303.831 | H14: -0.097133164 | I14: -0.12670155
B16: Expenses:
B17: Commissions paid | C17: 14522.001 | D17: 15530.398 | E17: 16013.031 | F17: 15658.115 | G17: 15523.35 | H17: -0.06493055 | I17: -0.064505989
B18: Exports and foreign currency transactions | C18: 401.278 | D18: 422.42986 | E18: 513.60778 | F18: 410.87038 | G18: 501.53067 | H18: -0.050071896 | I18: -0.1998934
B19: Total Fee Expenses | C19: 14923.279 | D19: 15952.828 | E19: 16526.639 | F19: 16068.986 | G19: 16024.88 | H19: -0.064537094 | I19: -0.068743209
B21: Net Services Fee Income | C21: 51712.739 | D21: 57852.096 | E21: 57361.435 | F21: 52723.512 | G21: 60278.951 | H21: -0.10612159 | I21: -0.1421095
B24: Net Service Fee Income broken down by subsidiary | H24: % Change
B25: (In millions of Ps. stated in terms of the measuring unit current at the end of the reporting period) | C25: 1Q26 | D25: 4Q25 | E25: 3Q25 | F25: 2Q25 | G25: 1Q25 | H25: QoQ | I25: YoY
B27: Banco Supervielle | C27: 32830.768 | D27: 32809.138 | E27: 33772.405 | F27: 32450.853 | G27: 34720.523 | H27: 0.00065925751 | I27: -0.054427602
B28: Brokerage Business | C28: 11917.713 | D28: 15873.251 | E28: 14625.144 | F28: 9961.2918 | G28: 14516.078 | H28: -0.24919519 | I28: -0.17899912
B29: Asset Management | C29: 6457.6724 | D29: 8326.4261 | E29: 8612.1683 | F29: 9568.152 | G29: 10158.957 | H29: -0.22443647 | I29: -0.36433709
B30: Other1 | C30: 506.58601 | D30: 843.28078 | E30: 351.71796 | F30: 743.2152 | G30: 883.39286 | H30: -0.39926769 | I30: -0.42654505
B31: Total | C31: 51712.739 | D31: 57852.096 | E31: 57361.435 | F31: 52723.512 | G31: 60278.951 | H31: -0.10612159 | I31: -0.1421095
B34: Brokerage Business | H34: % Change
C35: 1Q26 | D35: 4Q25 | E35: 3Q25 | F35: 2Q25 | G35: 1Q25 | H35: QoQ | I35: YoY
B37: Active Customers (#thousands)1 | C37: 596.073 | D37: 565.614 | E37: 544.123 | F37: 603 | G37: 569.116 | H37: 0.053851213 | I37: 0.047366442
B38: New Accounts | C38: 157436 | D38: 122648 | E38: 128918 | F38: 110423 | G38: 154141 | H38: 0.28364099 | I38: 0.021376532
B39: Monthly Active Users (MAUs) | C39: 233709 | D39: 220345 | E39: 252301 | F39: 213169 | G39: 258890 | H39: 0.060650344 | I39: -0.097265248
B40: Transactions (#)2 | C40: 5846730 | D40: 5807995 | E40: 6142958 | F40: 4388440 | G40: 5658462 | H40: 0.0066692551 | I40: 0.033271939
B41: Assets Under Custody (measured in AR$ mm.)3 | C41: 3741465.8 | D41: 3616593.8 | E41: 3164912 | F41: 2378895.9 | G41: 2261892 | H41: 0.03452753 | I41: 0.65413108
B42: Assets Under Custody (measured in US$ mm.) | C42: 2662.965 | D42: 2576.4413 | E42: 2335.8073 | F42: 2082.5823 | G42: 2163.4275 | H42: 0.03358263 | I42: 0.23090095

Sheet Expenses
B2: Personnel, Administrative Expenses & D&A | H2: % Change
B3: (In millions of Ps. stated in terms of the measuring unit current at the end of the reporting period) | C3: =+Highlights!C4 -> 1Q26 | D3: =+Highlights!D4 -> 4Q25 | E3: =+Highlights!E4 -> 3Q25 | F3: =+Highlights!F4 -> 2Q25 | G3: =+Highlights!G4 -> 1Q25 | H3: =+Highlights!H4 -> QoQ | I3: =+Highlights!I4 -> YoY
B4: Personnel Expenses | C4: =-'[78]Administrative Expenses'!C12/1000 -> -111173.03 | D4: =-'[78]Administrative Expenses'!D12/1000 -> -84135.807 | E4: =-'[78]Administrative Expenses'!E12/1000 -> -89142.369 | F4: =-'[78]Administrative Expenses'!F12/1000 -> -94751.962 | G4: =-'[78]Administrative Expenses'!G12/1000 -> -90122.758 | H4: =+C4/D4-1 -> 0.32135219 | I4: =+C4/G4-1 -> 0.23357336
B5: Wages and social security charges | C5: =+'[78]Administrative Expenses'!C29/1000 -> 68081.815 | D5: =+'[78]Administrative Expenses'!D29/1000 -> 73607.63 | E5: =+'[78]Administrative Expenses'!E29/1000 -> 75956.09 | F5: =+'[78]Administrative Expenses'!F29/1000 -> 80797.57 | G5: =+'[78]Administrative Expenses'!G29/1000 -> 77742.796 | H5: =+C5/D5-1 -> -0.075071227 | I5: =+C5/G5-1 -> -0.12426851
B6: Severances & Other Personnel Expenses | C6: =+C4-C5 -> -179254.85 | D6: =+D4-D5 -> -157743.44 | E6: =+E4-E5 -> -165098.46 | F6: =+F4-F5 -> -175549.53 | G6: =+G4-G5 -> -167865.55 | H6: =+C6/D6-1 -> 0.13636961 | I6: =+C6/G6-1 -> 0.067847712
B7: Administrative expenses | C7: =+SUM(C8:C13) -> -59105.205 | D7: =+SUM(D8:D13) -> -72336.642 | E7: =+SUM(E8:E13) -> -59086.664 | F7: =+SUM(F8:F13) -> -56471.069 | G7: =+SUM(G8:G13) -> -54856.785 | H7: =+C7/D7-1 -> -0.18291472 | I7: =+C7/G7-1 -> 0.077445675
B8: Directors’ and Statutory Auditors’ Fees | C8: =-'[78]Administrative Expenses'!C13/1000 -> -1093.7959 | D8: =-'[78]Administrative Expenses'!D13/1000 -> -2529.8688 | E8: =-'[78]Administrative Expenses'!E13/1000 -> -1560.0202 | F8: =-'[78]Administrative Expenses'!F13/1000 -> -1674.3708 | G8: =-'[78]Administrative Expenses'!G13/1000 -> -1330.0427 | H8: =+C8/D8-1 -> -0.56764716 | I8: =+C8/G8-1 -> -0.17762347
B9: Other Professional Fees | C9: =-'[78]Administrative Expenses'!C14/1000 -> -6105.0127 | D9: =-'[78]Administrative Expenses'!D14/1000 -> -8582.7524 | E9: =-'[78]Administrative Expenses'!E14/1000 -> -6174.9086 | F9: =-'[78]Administrative Expenses'!F14/1000 -> -4914.7125 | G9: =-'[78]Administrative Expenses'!G14/1000 -> -5802.3423 | H9: =+C9/D9-1 -> -0.28868825 | I9: =+C9/G9-1 -> 0.052163479
B10: Advertising and Publicity | C10: =-'[78]Administrative Expenses'!C15/1000 -> -7467.9481 | D10: =-'[78]Administrative Expenses'!D15/1000 -> -12937.121 | E10: =-'[78]Administrative Expenses'!E15/1000 -> -4440.2967 | F10: =-'[78]Administrative Expenses'!F15/1000 -> -5172.9046 | G10: =-'[78]Administrative Expenses'!G15/1000 -> -3297.361 | H10: =+C10/D10-1 -> -0.42275038 | I10: =+C10/G10-1 -> 1.2648257
B11: Taxes | C11: =-'[78]Administrative Expenses'!C16/1000 -> -14822.193 | D11: =-'[78]Administrative Expenses'!D16/1000 -> -15224.213 | E11: =-'[78]Administrative Expenses'!E16/1000 -> -14013.787 | F11: =-'[78]Administrative Expenses'!F16/1000 -> -13732.497 | G11: =-'[78]Administrative Expenses'!G16/1000 -> -13441.52 | H11: =+C11/D11-1 -> -0.02640661 | I11: =+C11/G11-1 -> 0.10271698
B12: Third Parties Services | C12: =-'[78]Administrative Expenses'!C17/1000 -> -6948.1008 | D12: =-'[78]Administrative Expenses'!D17/1000 -> -9039.1293 | E12: =-'[78]Administrative Expenses'!E17/1000 -> -8364.5227 | F12: =-'[78]Administrative Expenses'!F17/1000 -> -8253.6404 | G12: =-'[78]Administrative Expenses'!G17/1000 -> -8544.6271 | H12: =+C12/D12-1 -> -0.23133074 | I12: =+C12/G12-1 -> -0.18684563
B13: Other | C13: =-'[78]Administrative Expenses'!C18/1000 -> -22668.155 | D13: =-'[78]Administrative Expenses'!D18/1000 -> -24023.558 | E13: =-'[78]Administrative Expenses'!E18/1000 -> -24533.128 | F13: =-'[78]Administrative Expenses'!F18/1000 -> -22722.944 | G13: =-'[78]Administrative Expenses'!G18/1000 -> -22440.891 | H13: =+C13/D13-1 -> -0.056419749 | I13: =+C13/G13-1 -> 0.010127223
B14: Total Personnel & Administrative Expenses ("P&A") | C14: =+C4+C7 -> -170278.24 | D14: =+D4+D7 -> -156472.45 | E14: =+E4+E7 -> -148229.03 | F14: =+F4+F7 -> -151223.03 | G14: =+G4+G7 -> -144979.54 | H14: =+C14/D14-1 -> 0.088231437 | I14: =+C14/G14-1 -> 0.17449838
B15: D&A | C15: ='Net Income'!C25 -> -22200.797 | D15: ='Net Income'!D25 -> -21911.05 | E15: ='Net Income'!E25 -> -20405.869 | F15: ='Net Income'!F25 -> -19589.915 | G15: ='Net Income'!G25 -> -18923.428 | H15: =+C15/D15-1 -> 0.013223784 | I15: =+C15/G15-1 -> 0.1731911
B16: Total P&A and D&A | C16: =+C14+C15 -> -192479.04 | D16: =+D14+D15 -> -178383.5 | E16: =+E14+E15 -> -168634.9 | F16: =+F14+F15 -> -170812.95 | G16: =+G14+G15 -> -163902.97 | H16: =+C16/D16-1 -> 0.079018161 | I16: =+C16/G16-1 -> 0.17434745
B17: Total Employees1 | C17: =+Highlights!C74+Highlights!C75 -> 3092 | D17: =+Highlights!D74+Highlights!D75 -> 3348 | E17: =+Highlights!E74+Highlights!E75 -> 3362 | F17: =+Highlights!F74+Highlights!F75 -> 3399 | G17: =+Highlights!G74+Highlights!G75 -> 3442 | H17: =+C17/D17-1 -> -0.07646356 | I17: =+C17/G17-1 -> -0.10168507
B18: =+Highlights!B73 -> Bank Branches | C18: =+Highlights!C73 -> 129 | D18: =+Highlights!D73 -> 129 | E18: =+Highlights!E73 -> 130 | F18: =+Highlights!F73 -> 130 | G18: =+Highlights!G73 -> 130 | H18: =+C18/D18-1 -> 0 | I18: =+C18/G18-1 -> -0.0076923077
B19: Efficiency Ratio | C19: =+Highlights!C40 -> 0.68903305 | D19: =+Highlights!D40 -> 0.60628913 | E19: =+Highlights!E40 -> 0.95793943 | F19: =+Highlights!F40 -> 0.60921022 | G19: =+Highlights!G40 -> 0.59573163
B22: Other Income, Net | H22: % Change
B23: (In millions of Ps. stated in terms of the measuring unit current at the end of the reporting period) | C23: =+C3 -> 1Q26 | D23: =+D3 -> 4Q25 | E23: =+E3 -> 3Q25 | F23: =+F3 -> 2Q25 | G23: =+G3 -> 1Q25 | H23: QoQ | I23: YoY
B24: Other Operating Income | C24: =+'Net Income'!C20 -> 18768.341 | D24: =+'Net Income'!D20 -> 22777.818 | E24: =+'Net Income'!E20 -> 16899.193 | F24: =+'Net Income'!F20 -> 15602.335 | G24: =+'Net Income'!G20 -> 15825.629 | H24: =+C24/D24-1 -> -0.17602552 | I24: =+C24/G24-1 -> 0.18594595
B25: Other Expenses | C25: =+'Net Income'!C27 -> -18875.937 | D25: =+'Net Income'!D27 -> -28374.542 | E25: =+'Net Income'!E27 -> -19547.435 | F25: =+'Net Income'!F27 -> -25189.893 | G25: =+'Net Income'!G27 -> -15065.64 | H25: =+C25/D25-1 -> -0.33475798 | I25: =+C25/G25-1 -> 0.25291306
B26: Subtotal | C26: =+C24+C25 -> -107.59647 | D26: =+D24+D25 -> -5596.7232 | E26: =+E24+E25 -> -2648.2423 | F26: =+F24+F25 -> -9587.558 | G26: =+G24+G25 -> 759.98905 | H26: na | I26: na
B27: Turnover tax | C27: =+'Net Income'!C26 -> -35713.062 | D27: =+'Net Income'!D26 -> -36532.298 | E27: =+'Net Income'!E26 -> -35690.263 | F27: =+'Net Income'!F26 -> -31817.719 | G27: =+'Net Income'!G26 -> -29750.261 | H27: =+C27/D27-1 -> -0.022424982 | I27: =+C27/G27-1 -> 0.20042851
B28: Total | C28: =+C26+C27 -> -35820.658 | D28: =+D26+D27 -> -42129.021 | E28: =+E26+E27 -> -38338.505 | F28: =+F26+F27 -> -41405.277 | G28: =+G26+G27 -> -28990.272 | H28: =+C28/D28-1 -> -0.14973913 | I28: =+C28/G28-1 -> 0.23560958
B31: Month since increase applies | C31: Salary Increase
B33: 2018 | C33: 0.376
B34: 2019 | C34: 0.433
B35: 2020 | C35: 0.361
B36: 2021 | C36: 0.51
B37: 1Q22 | C37: 0.16
B38: 2Q22 | C38: =34.1%-C37 -> 0.181
B39: 3Q22 | C39: =51.1%+14%-C37-C38 -> 0.31
B40: 4Q22 | C40: =94.1%-C37-C38-C39 -> 0.29
B41: 2022 | C41: 0.941
B42: 1Q23 | C42: 0.241
B43: 2Q23 | C43: =56%-C42 -> 0.319
B44: 3Q23 | C44: 0.475
B45: 4Q23 | C45: 1.079
B46: 2023 | C46: 2.114
B47: 1Q24 | C47: 0.51
B48: 2Q24 | C48: 0.188 | D48: =+Highlights!#REF! -> #REF! | E48: =+D48-C47 -> #REF!
B49: 3Q24 | C49: 0.121
B50: 4Q24 | C50: 0.08
B51: 2024 | C51: 1.178
B52: 1Q25 | C52: 0.085
B53: 2Q25 | C53: 0.06
B54: 3Q25 | C54: 0.06
B55: 4Q25 | C55: 0.078
B56: 2025 | C56: 0.315
B57: 1Q26 | C57: 0.094

Sheet Assets
B2: (In millions of Ps. stated in terms of the measuring unit current at the end of the reporting period)
B3: Assets Evolution | H3: % Change
C4: =+Highlights!C21 -> mar 26 | D4: =+Highlights!D21 -> dec 25 | E4: =+Highlights!E21 -> sep 25 | F4: =+Highlights!F21 -> jun 25 | G4: =+Highlights!G21 -> mar 25 | H4: QoQ | I4: YoY
B5: Cash and due from banks | C5: =+'Balance Sheet'!C5 -> 1483313.7 | D5: =+'Balance Sheet'!D5 -> 1750186.3 | E5: =+'Balance Sheet'!E5 -> 2076790.5 | F5: =+'Balance Sheet'!F5 -> 1368605.5 | G5: =+'Balance Sheet'!G5 -> 1137446.5 | H5: =+C5/D5-1 -> -0.15248238 | I5: =+C5/G5-1 -> 0.30407342
B6: Securities Issued by the Central Bank (includes Bopreal) | C6: =+'Investment Portfolio'!C24+'Investment Portfolio'!C36 -> 72395.095 | D6: =+'Investment Portfolio'!D24+'Investment Portfolio'!D36 -> 79332.733 | E6: =+'Investment Portfolio'!E24+'Investment Portfolio'!E36 -> 82128.999 | F6: =+'Investment Portfolio'!F24+'Investment Portfolio'!F36 -> 78705.978 | G6: =+'Investment Portfolio'!G24+'Investment Portfolio'!G36 -> 1548.4026 | H6: =+C6/D6-1 -> -0.087449884 | I6: na
B7: Repo transactions | C7: =+'Investment Portfolio'!C17 -> 9741.993 | D7: =+'Investment Portfolio'!D17 -> 4002.3221 | E7: =+'Investment Portfolio'!E17 -> 594.3356 | F7: =+'Investment Portfolio'!F17 -> 0 | G7: =+'Investment Portfolio'!G17 -> 4047.3583 | H7: =+C7/D7-1 -> 1.4340852 | I7: =+C7/G7-1 -> 1.4070004
B8: Government Securities | C8: =+'Investment Portfolio'!C27+'Investment Portfolio'!C33 -> 1761174.8 | D8: =+'Investment Portfolio'!D27+'Investment Portfolio'!D33 -> 1590522.9 | E8: =+'Investment Portfolio'!E27+'Investment Portfolio'!E33 -> 1782442.3 | F8: =+'Investment Portfolio'!F27+'Investment Portfolio'!F33 -> 1562439.7 | G8: =+'Investment Portfolio'!G27+'Investment Portfolio'!G33 -> 1857354.8 | H8: =+C8/D8-1 -> 0.10729298 | I8: =+C8/G8-1 -> -0.051783302
B9: Loans & Leasing, net | C9: =+Loans!C20 -> 3869792.4 | D9: =+Loans!D20 -> 4105476 | E9: =+Loans!E20 -> 3837591.3 | F9: =+Loans!F20 -> 3591897.8 | G9: =+Loans!G20 -> 3171555.2 | H9: =+C9/D9-1 -> -0.057407128 | I9: =+C9/G9-1 -> 0.22015612
B10: Property, Plant & Equipments | C10: =+'Balance Sheet'!C16 -> 142044.58 | D10: =+'Balance Sheet'!D16 -> 145184.35 | E10: =+'Balance Sheet'!E16 -> 143370.35 | F10: =+'Balance Sheet'!F16 -> 144598.14 | G10: =+'Balance Sheet'!G16 -> 143521.91 | H10: =+C10/D10-1 -> -0.021626048 | I10: =+C10/G10-1 -> -0.010293355
B11: Other & Intangible1 | C11: =+C12-SUM(C5:C10) -> 816328.57 | D11: =+D12-SUM(D5:D10) -> 852530.24 | E11: =+E12-SUM(E5:E10) -> 880686.08 | F11: =+F12-SUM(F5:F10) -> 801782.19 | G11: =+G12-SUM(G5:G10) -> 799328.28 | H11: =+C11/D11-1 -> -0.042463794 | I11: =+C11/G11-1 -> 0.021268221
B12: Total Assets | C12: =+'Balance Sheet'!C21 -> 8154791.2 | D12: =+'Balance Sheet'!D21 -> 8527234.8 | E12: =+'Balance Sheet'!E21 -> 8803603.9 | F12: =+'Balance Sheet'!F21 -> 7548029.4 | G12: =+'Balance Sheet'!G21 -> 7114802.4 | H12: =+C12/D12-1 -> -0.043676952 | I12: =+C12/G12-1 -> 0.14617256

Sheet CER
B2: AR$ million | C2: 1Q26 | D2: 4Q25 | E2: 3Q25 | F2: 2Q25 | G2: 1Q25
B3: Assets exposed to CER/UVA
B4: Loans | C4: 509775.6 | D4: 507321.23 | E4: 497890.44 | F4: 489531.99 | G4: 465145.57
B5: Mortgage Loans | C5: 399482.37 | D5: 405551.83 | E5: 406069.78 | F5: 402211.23 | G5: 388632.96
B6: Car Loans | C6: 103418.78 | D6: 95133.921 | E6: 85670.016 | F6: 81136.75 | G6: 70608.228
B7: Personal Loans | C7: 572.11524 | D7: 581.86741 | E7: 566.27218 | F7: 265.08193 | G7: 0
B8: Other Loans | C8: 3193.8042 | D8: 3217.6728 | E8: 3250.4146 | F8: 3728.9423 | G8: 4083.6435
B9: Interest | C9: 3108.5201 | D9: 2835.9344 | E9: 2333.9571 | F9: 2189.9924 | G9: 1820.7396
B10: Securities | C10: 621780.69 | D10: 601995.33 | E10: 848314.34 | F10: 820917.63 | G10: 851296.99
B11: BONCER/LECER | C11: 621780.69 | D11: 601995.33 | E11: 848314.34 | F11: 820917.63 | G11: 851296.99
B12: Total Assets | C12: 1131556.3 | D12: 1109316.6 | E12: 1346204.8 | F12: 1310449.6 | G12: 1316442.6
B14: Liabilities exposed to CER/UVA
B15: Deposits | C15: 3914.2733 | D15: 2341.2976 | E15: 3370.7383 | F15: 7738.7077 | G15: 7175.4286
B16: Savings accounts on Construction industry unemployment fund | C16: 9779.0148 | D16: 9978.551 | E16: 9762.6949 | F16: 9381.6457 | G16: 8205.3622
B17: Other Liabilities | C17: 3.3243525 | D17: 5.22854 | E17: 12.318994 | F17: 29.115431 | G17: 17.777795
B18: Total Liabilities | C18: 13696.612 | D18: 12325.077 | E18: 13145.752 | F18: 17149.469 | G18: 15398.569
B19: Total Exposure to CER/UVA, net | C19: 1117859.7 | D19: 1096991.5 | E19: 1333059 | F19: 1293300.2 | G19: 1301044

Sheet Loans
B2: Total Financing Portfolio | H2: % Change
C3: mar 26 | D3: dec 25 | E3: sep 25 | F3: jun 25 | G3: mar 25 | H3: QoQ | I3: YoY
B4: To the non‑financial public sector | C4: 6075.147 | D4: 9560.2678 | E4: 5475.2793 | F4: 8610.3944 | G4: 6419.7554 | H4: -0.36454217 | I4: -0.053679373
B5: To the financial sector | C5: 503958.57 | D5: 363880.01 | E5: 102553.23 | F5: 33243.662 | G5: 11991.28 | H5: 0.38495811 | I5: 41.027087
B6: To the non‑financial private sector and foreign residents (before allowances): | C6: 3484977.3 | D6: 3867238.4 | E6: 3792876.4 | F6: 3579013.3 | G6: 3154532.2 | H6: -0.098845998 | I6: 0.10475252
B7: Overdrafts | C7: 225713.74 | D7: 407413.76 | E7: 232440.32 | F7: 252869.79 | G7: 158222.62 | H7: -0.445984 | I7: 0.426558
B8: Promissory notes | C8: 818920.32 | D8: 884459.87 | E8: 824712.45 | F8: 959069.47 | G8: 841557.04 | H8: -0.074101208 | I8: -0.026898608
B9: Mortgage loans | C9: 399482.37 | D9: 405551.89 | E9: 406069.85 | F9: 402211.3 | G9: 388633.05 | H9: -0.014966064 | I9: 0.027916633
B10: Automobile and other secured loans | C10: 265348.19 | D10: 293213.67 | E10: 308114.35 | F10: 320469.68 | G10: 308779.07 | H10: -0.095034739 | I10: -0.14065357
B11: Personal loans | C11: 469791.37 | D11: 510854.53 | E11: 537823.37 | F11: 541442.91 | G11: 525462.36 | H11: -0.080381319 | I11: -0.10594667
B12: Credit card loans | C12: 356174.63 | D12: 408621.95 | E12: 429093.93 | F12: 436470.34 | G12: 419200.74 | H12: -0.1283517 | I12: -0.15034828
B13: Foreign trade loans & US$ loans | C13: 821258.55 | D13: 831091.07 | E13: 879049.16 | F13: 578593.54 | G13: 433467.61 | H13: -0.011830856 | I13: 0.89462496
B14: Others | C14: 128288.16 | D14: 126031.63 | E14: 175572.94 | F14: 87886.304 | G14: 79209.684 | H14: 0.017904511 | I14: 0.619602
B15: Less: allowances for loan losses | C15: -240091.24 | D15: -249018.05 | E15: -181104.36 | F15: -134423.01 | G15: -98382.276 | H15: -0.035848057 | I15: 1.4403912
... B25: Total Financing | C25: 4243985.6 | D25: 4492681.6 | E25: 4172059.8 | F25: 3896108.1 | G25: 3450998.9 | H25: -0.055355792 | I25: 0.22978468

Sheet Risk Mg
B2: Loan portfolio atomization
C3: 1Q26 | D3: 4Q25 | E3: 3Q25 | F3: 2Q25 | G3: 1Q25
B4: %Top10 | C4: 0.13120653 | D4: 0.10402637 | E4: 0.101 | F4: 0.083252603 | G4: 0.084
B5: %Top50 | C5: 0.29242312 | D5: 0.2586955 | E5: 0.227 | F5: 0.19077028 | G5: 0.182
B6: %Top100 | C6: 0.36239723 | D6: 0.33077685 | E6: 0.297 | F6: 0.25581578 | G6: 0.245
B11: Loan portfolio collateral
C12: Small Businesses | D12: SMEs & Middle Market | E12: Large | F12: Total
B13: Collateralized Portfolio | C13: 0.36054363 | D13: 0.34499527 | E13: 0.18899585 | F13: 0.23079381
B14: Unsecured Portfolio | C14: 0.63945637 | D14: 0.65500473 | E14: 0.81100415 | F14: 0.76920619

Sheet Asset quality
B2: Asset Quality | H2: % Change
B3: (In millions of Argentine Ps.) | C3: mar 26 | D3: dec 25 | E3: sep 25 | F3: jun 25 | G3: mar 25 | H3: QoQ | I3: YoY
B4: Commercial Portfolio | C4: 2076716.1 | D4: 2154432.4 | E4: 1831153.7 | F4: 1570830.9 | G4: 1288940 | H4: -0.036072736 | I4: 0.61118133
B5: Non-Performing | C5: 29145.203 | D5: 29529.332 | E5: 18794.11 | F5: 17320.077 | G5: 14814.373 | H5: -0.013008388 | I5: na
B6: Consumer Lending Portfolio | C6: 1011479.5 | D6: 1110504 | E6: 1204922.7 | F6: 1267513.9 | G6: 1259409.4 | H6: -0.089170806 | I6: -0.19686203
B7: Non-Performing | C7: 102159.84 | D7: 110448.59 | E7: 87848.65 | F7: 44120.135 | G7: 26790.321 | H7: -0.075046253 | I7: 2.8133115
B8: Commercial loans classified as consumer-equivalent exposures 3 | C8: 1020433.3 | D8: 1116028.6 | E8: 1070065.5 | F8: 1045835.9 | G8: 946443.4 | H8: -0.085656737 | I8: 0.078176743
B9: Non-Performing | C9: 110150.33 | D9: 92414.032 | E9: 61936.096 | F9: 48371.707 | G9: 28007.677 | H9: 0.1919221 | I9: 2.9328619
B10: Total Performing Portfolio | C10: 4108628.9 | D10: 4380965 | E10: 4106141.9 | F10: 3884180.8 | G10: 3494792.8 | H10: -0.062163514 | I10: 0.17564305
B11: Total Non-Performing | C11: 241455.37 | D11: 232391.96 | E11: 168578.86 | F11: 109811.92 | G11: 69612.371 | H11: 0.039000545 | I11: 2.4685698
B12: Total Non-Performing / Total Portfolio | C12: 0.055505907 | D12: 0.050373721 | E12: 0.039436227 | F12: 0.027494271 | G12: 0.01952987
B13: Total Allowances1 | C13: 250803.29 | D13: 259435.05 | E13: 189208.81 | F13: 142476.32 | G13: 106306.92 | H13: -0.03327137 | I13: 1.3592377
B14: Coverage Ratio | C14: 1.0387149 | D14: 1.1163684 | E14: 1.1223757 | F14: 1.2974577 | G14: 1.5271268
B16: Write offs (including the RECPPC on loans written off)2 | C16: 53114.203 | D16: 33565.552 | E16: 12770.11 | F16: 8539.0527 | G16: 5711.4842 | H16: 0.58240222 | I16: 4.8768528
B19: Write offs. Non-restated Figures. Management Information1 | H19: % Change
B20: (In millions of Argentine Ps.) | C20: mar 26 | D20: dec 25 | E20: sep 25 | F20: jun 25 | G20: mar 25 | H20: QoQ | I20: YoY
B21: Write offs (quarter) in nominal terms | C21: 51440.744 | D21: 29850.36 | E21: 10603.948 | F21: 6719.86 | G21: 4168.82 | H21: 0.72328722 | I21: na
B23: NPL Ratio breakdown | C23: mar 26 | D23: dec 25 | E23: sep 25 | F23: jun 25 | G23: mar 25
B24: Commercial Loan Portfolio | C24: 0.040354707 | D24: 0.032 | E24: 0.019622305 | F24: 0.0144 | G24: 0.012878948
B25: Retail Loan Portfolio | C25: 0.099231831 | D25: 0.092 | E25: 0.070872542 | F25: 0.045 | G25: 0.027665614
B26: Consumer Finance Segment
B27: Total NPL | C27: 0.055505907 | D27: 0.050373721 | E27: 0.039436227 | F27: 0.027494271 | G27: 0.01952987
H30: % Change
B31: Loan Loss Provisions, net | C31: 1Q26 | D31: 4Q25 | E31: 3Q25 | F31: 2Q25 | G31: 1Q25 | H31: QoQ
B32: Corporate | C32: 4235.073 | D32: 10740.155 | E32: -573.46953 | F32: 1126.1552 | G32: -1718.134 | H32: -0.60567861
B33: LLP | C33: 4180.551 | D33: 12611.189 | E33: -371.56658 | F33: 1233.7003 | G33: -1072.3033 | H33: -0.66850462
B34: Other LLP | C34: 54.522 | D34: -1871.0342 | E34: -201.90295 | F34: -107.54504 | G34: -645.83069 | H34: na
B35: Personal and Business | C35: 58954.619 | D35: 105344.98 | E35: 66071.286 | F35: 53274.135 | G35: 43139.493 | H35: -0.44036614
B36: LLP | C36: 62632.65 | D36: 106772.34 | E36: 68646.874 | F36: 54100.736 | G36: 43050.335 | H36: -0.41340005
B37: Other LLP | C37: -3678.031 | D37: -1427.3595 | E37: -2575.5885 | F37: -826.60093 | G37: 89.15815 | H37: na
B38: Other LLP | H38: na
B39: Other | C39: 720.649 | D39: 529.93708 | E39: 970.66533 | F39: -428.71292 | G39: -392.05849 | H39: 0.35987653
B40: LLP | C40: 799.961 | D40: -816.72185 | E40: 561.77522 | F40: 289.45737 | G40: 217.95644 | H40: na
B41: Other LLP | C41: -79.312 | D41: 1346.6589 | E41: 408.89011 | F41: -718.17028 | G41: -610.01493 | H41: na
B42: Total | C42: 63910.341 | D42: 116615.07 | E42: 66468.482 | F42: 53971.577 | G42: 41029.301 | H42: -0.45195472

Sheet Allowances
B2: Analysis of the Allowance for Loan Losses | C2: Lifetime ECL
C3: Balance at the beginning of the period | D3: 12-month ECL | E3: Financial assets with significant increase in credit risk | F3: Credit-impaired financial assets | G3: Simplified approach (*) | H3: Result from exposure to changes in the purchasing power of the currency in Allowances | I3: Balance at the end of the period
B5: Repo transactions | C5: 0 | D5: 0 | E5: 0 | F5: 0 | G5: 0 | H5: 0 | I5: 0
B6: Other Financial Assets | C6: 0 | D6: 0 | E6: 0 | F6: 0 | G6: 0 | H6: 0 | I6: 0
B7: Loans and Other Financings | C7: 253305.87 | D7: -6114.469 | E7: -1541.634 | F7: 21112.256 | G7: 0 | H7: -21854.328 | I7: 244907.69
B8: Other Financial Entities | C8: 471.219 | D8: 352.298 | E8: 0 | F8: 0 | G8: 0 | H8: -40.655 | I8: 782.862
B9: Non Financial Private Sector | C9: 252834.65 | D9: -6466.767 | E9: -1541.634 | F9: 21112.256 | G9: 0 | H9: -21813.673 | I9: 244124.83
B10: Overdraft | C10: 10580.307 | D10: -346.585 | E10: 1777.499 | F10: 6563.82 | G10: 0 | H10: -912.831 | I10: 17662.21
B11: Unsecured Corporate Loans | C11: 15272.962 | D11: -388.473 | E11: 5.471 | F11: 2183.763 | G11: 0 | H11: -1317.697 | I11: 15756.026
B12: Mortgage Loans | C12: 1124.293 | D12: 572.644 | E12: 884.764 | F12: 1916.172 | G12: 0 | H12: -97 | I12: 4400.873
B13: Automobile and other secured loans | C13: 44432.595 | D13: 202.797 | E13: -3371.809 | F13: -2951.436 | G13: 0 | H13: -3833.486 | I13: 34478.661
B14: Personal Loans | C14: 122295.71 | D14: -2120.689 | E14: 1524.039 | F14: 6308.135 | G14: 0 | H14: -10551.239 | I14: 117455.96
B15: Credit Cards | C15: 48606.558 | D15: -4169.35 | E15: -2514.677 | F15: 5860.804 | G15: 0 | H15: -4193.601 | I15: 43589.734
B16: Receivables from financial leases | C16: 3959.139 | D16: -5.754 | E16: -393.322 | F16: 1213.54 | G16: 0 | H16: -341.58 | I16: 4432.023
... B22: Total Allowances | C22: 259435.05 | D22: -6403.408 | E22: -1007.541 | F22: 21162.319 | G22: 0 | H22: -22383.13 | I22: 250803.29

Sheet Funding
B2: Funding & Other Liabilities | H2: % Change
B3: (In millions of Ps. stated in terms of the measuring unit current at the end of the reporting period) | C3: mar 26 | D3: dec 25 | E3: sep 25 | F3: jun 25 | G3: mar 25 | H3: QoQ | I3: YoY
B4: Deposits
B5: Non‑Financial Public Sector | C5: 345031.39 | D5: 143676.82 | E5: 190421.3 | F5: 200196.89 | G5: 176204.7 | H5: 1.4014409 | I5: 0.95812822
B6: Financial Sector | C6: 1524.666 | D6: 814.26596 | E6: 775.88359 | F6: 354.30436 | G6: 308.47778
B7: Non‑Financial Private Sector and Foreign Residents
B8: Checking Accounts | C8: 470023.95 | D8: 659321.72 | E8: 473072.93 | F8: 453919.82 | G8: 485287.02 | H8: -0.28710986 | I8: -0.031451628
B9: Savings Accounts | C9: 1098778 | D9: 1106550.9 | E9: 943178.07 | F9: 1024905.2 | G9: 876568.15 | H9: -0.0070244444 | I9: 0.25349977
B10: Time Deposits - Individuals and Companies | C10: 1025483.4 | D10: 945562.08 | E10: 927604.41 | F10: 695497.78 | G10: 689480.25 | H10: 0.084522515 | I10: 0.48732814
B11: Wholesale Funding | C11: 2399576.8 | D11: 2746300.9 | E11: 3437587.8 | F11: 2825397.3 | G11: 2691415.8 | H11: -0.12625131 | I11: -0.10843328
B12: Special Checking Accounts | C12: 1858709.9 | D12: 1922129.3 | E12: 2220557.4 | F12: 2294002.3 | G12: 1916681.2 | H12: -0.032994332 | I12: -0.030245653
B13: Time Deposits | C13: 430388.07 | D13: 594701.55 | E13: 1019911.4 | F13: 350769.85 | G13: 507334.69 | H13: -0.2762957 | I13: -0.15166837
B14: Others1 | C14: 110478.78 | D14: 229470 | E14: 197118.98 | F14: 180625.15 | G14: 267399.92 | H14: -0.51854803 | I14: -0.58684062
B15: Total Deposits | C15: 5340418.1 | D15: 5602226.6 | E15: 5972640.4 | F15: 5200271.3 | G15: 4919264.4 | H15: -0.046732932 | I15: 0.085613152
B16: Other Source of Funding
B17: Liabilities at a fair value through profit or loss | C17: 10207.088 | D17: 759.4299 | E17: 15689.514 | F17: 0 | G17: 3629.5834 | H17: na | I17: na
B18: Repo transactions | C18: 547174.68 | D18: 430558.46 | E18: 456038.03 | F18: 69496.877 | G18: 41543.631 | H18: 0.27084875 | I18: na
B19: Other financial liabilities | C19: 284295.69 | D19: 306736.41 | E19: 241882.37 | F19: 223037.63 | G19: 235407.37 | H19: -0.073159605 | I19: 0.20767542
B20: Financing received from Central Bank and others | C20: 603947.1 | D20: 526191.68 | E20: 425192.43 | F20: 107242.17 | G20: 95104.697 | H20: 0.14777013 | I20: 5.3503394
B21: Medium Term Notes | C21: 106094.6 | D21: 191377.79 | E21: 308973.58 | F21: 450045.97 | G21: 295229.95 | H21: -0.4456274 | I21: -0.6406374
B22: Current Income tax liabilities | C22: 3060.641 | D22: 484.5645 | E22: 3079.1034 | F22: 6272.0086 | G22: 11333.479 | H22: na | I22: na
B23: Subordinated Loan and Negotiable Obligations | C23: 0 | D23: 0 | E23: 0 | F23: 0 | G23: 0 | H23: - | I23: -
B24: Provisions | C24: 14348.15 | D24: 15202.44 | E24: 50498.521 | F24: 54863.989 | G24: 55330.917 | H24: -0.056194289 | I24: -0.74068476
B25: Deferred tax liabilities | C25: 2232.308 | D25: 0 | E25: 3306.2117 | F25: 2355.7102 | G25: 2583.1278 | H25: na | I25: -0.13581203
B26: Other non-financial liabilities | C26: 154513.82 | D26: 350472.9 | E26: 213081.68 | F26: 264764.56 | G26: 260489.71 | H26: -0.55912764 | I26: -0.40683332
B27: Total Other Source of Funding | C27: 1725874.1 | D27: 1821783.7 | E27: 1717741.4 | F27: 1178078.9 | G27: 1000652.5 | H27: -0.052645985 | I27: 0.72474874
B28: Attributable Shareholders’ Equity | C28: 1087674.2 | D28: 1102371.4 | E28: 1112332 | F28: 1166941.8 | G28: 1192505.2 | H28: -0.013332301 | I28: -0.087908171
B29: Total Funding | C29: 8153966.5 | D29: 8526381.7 | E29: 8802713.9 | F29: 7545292 | G29: 7112422.1 | H29: -0.043677991 | I29: 0.14644018
B32: (In millions of Ps. stated in terms of the measuring unit current at the end of the reporting period) | H32: % Change
B33: AR$ Deposits | C33: mar 26 | D33: dec 25 | E33: sep 25 | F33: jun 25 | G33: mar 25 | H33: QoQ | I33: YoY
B34: Non‑Financial Public Sector | C34: 332550.38 | D34: 129260.31 | E34: 175861.26 | F34: 199670.96 | G34: 175703.57 | H34: 1.5727183 | I34: 0.89267862
B35: Financial Sector | C35: 1524.534 | D35: 809.00726 | E35: 775.71243 | F35: 354.30436 | G35: 308.36639 | H35: 0.88445033 | I35: 3.9439045
B36: Non‑Financial Private Sector and Foreign Residents | C36: 3282922.9 | D36: 3596065.3 | E36: 3783070.9 | F36: 3576555.2 | G36: 3567854.7 | H36: -0.087079168 | I36: -0.079860805
B37: Checking Accounts | C37: 469970.96 | D37: 659321.71 | E37: 473072.93 | F37: 453919.82 | G37: 485287.02 | H37: -0.28719023 | I37: -0.031560827
B38: Savings Accounts | C38: 576637.67 | D38: 486103.11 | E38: 378067.49 | F38: 505712.4 | G38: 391437.74 | H38: 0.18624559 | I38: 0.47312743
B39: Time Deposits - Individuals and Companies | C39: 712322.55 | D39: 697349.64 | E39: 691420.42 | F39: 564991.27 | G39: 567324.27 | H39: 0.021471172 | I39: 0.25558273
B40: Wholesale Funding | C40: 1523991.7 | D40: 1753290.8 | E40: 2240510.1 | F40: 2051931.7 | G40: 2123805.6 | H40: -0.13078212 | I40: -0.2824241
B41: Special Checking Accounts | C41: 1280795.2 | D41: 1301781.2 | E41: 1473630.6 | F41: 1739508.7 | G41: 1433801.4 | H41: -0.016120949 | I41: -0.10671369
B42: Time Deposits | C42: 150093.1 | D42: 238245.31 | E42: 584852.54 | F42: 142633.22 | G42: 431362.49 | H42: -0.37000604 | I42: -0.65204879
B43: Others | C43: 93103.434 | D43: 213264.38 | E43: 182026.93 | F43: 169789.76 | G43: 258641.71 | H43: -0.56343655 | I43: -0.64002931
B44: Total AR$ Deposits | C44: 3616997.8 | D44: 3726134.6 | E44: 3959707.9 | F44: 3776580.5 | G44: 3743866.6 | H44: -0.029289542 | I44: -0.033887094
B46: US$ Deposits | H46: % Change
B47: (In millions of US$) | C47: mar 26 | D47: dec 25 | E47: sep 25 | F47: jun 25 | G47: mar 25 | H47: QoQ | I47: YoY
B48: Total US$ Deposits | C48: 1246.3645 | D48: 1174.599 | E48: 1247.8455 | F48: 953.17566 | G48: 825.40198 | H48: 0.061097865 | I48: 0.51000916

Sheet Fx Position
B2: Consolidated Balance Sheet Data | C2: mar 26 | D2: dec 25 | E2: sep 25 | F2: jun 25 | G2: mar 25
B3: (In thousands of US$)
B4: Assets
B5: Cash and due from banks | C5: 609032.3 | D5: 596554.6 | E5: 765885.9 | F5: 549588.54 | G5: 662870.46
B6: Secuities at fair value through profit or loss | C6: 72473.611 | D6: 88776.894 | E6: 89933.016 | F6: 71932.473 | G6: 165721.6
B7: Loans | C7: 614164.26 | D7: 544053.29 | E7: 569492.67 | F7: 400484.13 | G7: 400865.04
B8: Other Receivables from Financial Intermediation | C8: 20008.294 | D8: 20412.241 | E8: 11777.885 | F8: 22368.016 | G8: 7995.3106
B9: Other Receivable from Financial Leases | C9: 3297.446 | D9: 3213.9715 | E9: -844.5165 | F9: 395.10053 | G9: 489.37159
B10: Other Assets | C10: 102165.69 | D10: 102165.69 | E10: 155126.73 | F10: 80679.111 | G10: 22383.578
B11: Other non-financial assets | C11: 4.5812528 | D11: 155.01644 | E11: 8.6896824 | F11: 130.76597 | G11: 16.48123
B12: Total assets | C12: 1421146.2 | D12: 1355331.7 | E12: 1591380.4 | F12: 1125578.1 | G12: 1260341.8
B13: Liabilities and shareholders’ equity
B14: Deposits | C14: 1246401.7 | D14: 1174571.8 | E14: 1247819.6 | F14: 953175.1 | G14: 1033904.6
B15: Other financial liabilities | C15: 345843.48 | D15: 347785 | E15: 319139.54 | F15: 195190.06 | G15: 205998.19
B16: Other Liabilities | C16: 2826.2821 | D16: 2382.7768 | E16: 2186.2551 | F16: 2553.0647 | G16: 3070.0749
B17: Total liabilities | C17: 1595071.5 | D17: 1524739.6 | E17: 1569145.4 | F17: 1150918.2 | G17: 1242972.9
B18: Net Position on Balance | C18: -181994.98 | D18: -169407.84 | E18: 22234.954 | F18: -25340.094 | G18: 17368.947
B19: Net Derivatives Position | C19: 185167.64 | D19: 166967.73 | E19: 12251.773 | F19: 24585.254 | G19: -31096.386
B20: Global Net Position | C20: 3172.6517 | D20: -2440.1148 | E20: 34486.727 | F20: -754.84025 | G20: -13727.439

Sheet Capital
B2: Consolidated Capital (in million of AR$) | H2: % Change
C3: mar 26 | D3: dec 25 | E3: sep 25 | F3: jun 25 | G3: mar 25 | H3: QoQ | I3: YoY
B4: Attributable Shareholders’ Equity | C4: 1087674.2 | D4: 1102371.4 | E4: 1112332 | F4: 1166941.8 | G4: 1192505.2 | H4: -0.013332301 | I4: -0.087908171
B5: Average Shareholders’ Equity | C5: 1093141.9 | D5: 1109765 | E5: 1144634.8 | F5: 1166098.4 | G5: 1194315.9 | H5: -0.014978955 | I5: -0.084712919
B6: Shareholders’ Equity as a % of Total Assets | C6: 0.13337855 | D6: 0.12927654 | E6: 0.12634962 | F6: 0.15460219 | G6: 0.16760904
B7: Avg. Shareholders’ Equity as a % of Avg. Total Assets | C7: 0.13285857 | D7: 0.12839769 | E7: 0.14408289 | F7: 0.16660114 | G7: 0.18017895
B8: Tang. Shareholders’ Equity as a % of T. Tang. Assets | C8: 0.10633158 | D8: 0.10257369 | E8: 0.10135725 | F8: 0.12704711 | G8: 0.13918299
B10: Calculation of Excess Capital
C11: mar 26 | D11: dec 25 | E11: sep 25 | F11: jun 25 | G11: mar 25
B12: Allocated to Assets at Risk | C12: 311028.26 | D12: 304501.17 | E12: 303224.24 | F12: 244579.59 | G12: 202486.02
B13: Allocated to Bank Premises and Equipment, Intangible Assets and Equity Investment Assets | C13: 30811.298 | D13: 27913.213 | E13: 24866.501 | F13: 23420.749 | G13: 23168.53
B14: Market Risk | C14: 17824.63 | D14: 16852.852 | E14: 17211.353 | F14: 15846.705 | G14: 15608.044
B15: Public Sector and Securities in Investment Account | C15: 2919.836 | D15: 928.905 | E15: 631.255 | F15: 2563.745 | G15: 415.339
B16: Operational Risk | C16: 51857.448 | D16: 45771.894 | E16: 40991.628 | F16: 123389.18 | G16: 113349.02
B17: Required Minimum Capital Under Central Bank Regulations | C17: 414441.47 | D17: 395968.04 | E17: 386924.97 | F17: 409799.97 | G17: 355026.95
B18: Basic Net Worth | C18: 1176889.8 | D18: 1103547.1 | E18: 1003162.6 | F18: 973940.1 | G18: 928339.82
B19: Complementary Net Worth | C19: 0 | D19: 0 | E19: 0 | F19: 0 | G19: 0
B20: Deductions | C20: -397123.39 | D20: -358337.15 | E20: -381297.86 | F20: -274390.36 | G20: -261147.46
B21: Total Capital Under Central Bank Regulations | C21: 779766.39 | D21: 745209.97 | E21: 621864.76 | F21: 699549.74 | G21: 667192.36
B22: Excess Capital | C22: 365324.92 | D22: 349241.94 | E22: 234939.78 | F22: 289749.78 | G22: 312165.41
B24: Total Capital
C25: mar 26 | D25: dec 25 | E25: sep 25 | F25: jun 25 | G25: mar 25
B26: Tier 1 Capital
B27: Paid in share capital common stock | C27: 437.731 | D27: 437.731 | E27: 441.986 | F27: 437.731 | G27: 437.731
B28: Irrevocable capital contributions | C28: 0 | D28: 0 | E28: 0 | F28: 0 | G28: 0
B29: Share premiums | C29: 798014.5 | D29: 729164.66 | E29: 676049.52 | F29: 637973.55 | G29: 601790.24
B30: Buyback shares | C30: -10524.751 | D30: -11936.478 | E30: -13502.075 | F30: -14338.783 | G30: -13525.544
B31: Disclosed reserves and retained earnings | C31: 218171.7 | D31: 249341.55 | E31: 231661.04 | F31: 222522.13 | G31: 237039
B32: Non‑controlling interests | C32: 847.47 | D32: 895.401 | E32: 830.177 | F32: 783.421 | G32: 738.988
B33: Capital adjustments | C33: 85349.463 | D33: 77948.05 | E33: 74613.99 | F33: 68144.933 | G33: 64255.2
B34: IFRS Adjustments | C34: 4002.826 | D34: 2095.482 | E34: -1985.407 | F34: -4701.253 | G34: 1344.891
B35: Expected Loss - Communication "A" 6938 item 10 | C35: 98499.32 | D35: 103650.67 | E35: 65586.645 | F35: 47711.24 | G35: 32291.681
B36: 100% of results | C36: -17908.476 | D36: -48049.938 | E36: -30533.26 | F36: 7937.788 | G36: 0
B37: 50% of positive results / 100% negative results | C37: 0 | D37: 0 | E37: 0 | F37: 7469.352 | G37: 3967.628
B38: Sub‑Total: Gross Tier I Capital | C38: 1176889.8 | D38: 1103547.1 | E38: 1003162.6 | F38: 973940.1 | G38: 928339.82
B39: Deduct:
B40: All Intangibles | C40: 245043.14 | D40: 230110.19 | E40: 205390.76 | F40: 188617.08 | G40: 175516.37
B41: Pending items | C41: 334.532 | D41: 501.72 | E41: 148.975 | F41: 219.364 | G41: 151.504
B42: Other deductions | C42: 151745.72 | D42: 127725.24 | E42: 175758.12 | F42: 85553.915 | G42: 85479.591
B43: Total Deductions | C43: 397123.39 | D43: 358337.15 | E43: 381297.86 | F43: 274390.36 | G43: 261147.46
B44: Sub‑Total: Tier I Capital | C44: 779766.39 | D44: 745209.97 | E44: 621864.76 | F44: 699549.74 | G44: 667192.36
B45: Tier 2 Capital
B46: General provisions/general loan‑loss reserves 50% | C46: #REF! | D46: 0 | E46: 0 | F46: 0 | G46: 0
B47: Subordinated term debt | C47: #REF! | D47: 0 | E47: 0 | F47: 0 | G47: 0
B48: Non controlling Interest | C48: #REF! | D48: 0 | E48: 0 | F48: 0 | G48: 0
B49: Sub‑Total: Tier 2 Capital | C49: 0 | D49: 0 | E49: 0 | F49: 0 | G49: 0
B50: Total Capital | C50: 779766.39 | D50: 745209.97 | E50: 621864.76 | F50: 699549.74 | G50: 667192.36
B51: Credit Risk weighted assets | C51: 4158627.7 | D51: 4026186.9 | E51: 3966861.8 | F51: 3273425.1 | G51: 2736269.2
B52: Risk weighted assets | C52: 5054999.2 | D52: 4828237.6 | E52: 4716881.8 | F52: 5023268.7 | G52: 4355529.9
B53: Tier 1 Capital / Risk weighted assets | C53: 0.15425648 | D53: 0.1543441 | E53: 0.1318381 | F53: 0.13926186 | G53: 0.15318282
B54: Regulatory Capital / Risk weighted assets | C54: 0.15425648 | D54: 0.1543441 | E54: 0.1318381 | F54: 0.13926186 | G54: 0.15318282

Sheet Liquidity
B2: US$ Liquidity | C2: mar 26 | D2: dec 25 | E2: sep 25 | F2: jun 25 | G2: mar 25
B3: (In US$ million)
B4: Cash and due from banks | C4: 610.16267 | D4: 597.7 | E4: 766.10954 | F4: 550.18369 | G4: 529.55287
B5: US$ Government Securities | C5: 40.592445 | D5: 16.7 | E5: 29.11824 | F5: 41.333249 | G5: 6.9829049
B6: Liquid US$ Assets | C6: 650.75511 | D6: 614.4 | E6: 795.22778 | F6: 591.51694 | G6: 536.53578
B7: Total US$ Deposits | C7: 1246.3645 | D7: 1174.599 | E7: 1247.8455 | F7: 953.17566 | G7: 825.40198
B8: Liquid US$ Assets / Total US$ Deposits | C8: 0.52212261 | D8: 0.52307211 | E8: 0.63728062 | F8: 0.62057496 | G8: 0.65002967
B10: AR$ Liquidity | C10: mar 26 | D10: dec 25 | E10: sep 25 | F10: jun 25 | G10: mar 25
B11: (In millions of Ps. stated in terms of the measuring unit current at the end of the reporting period)
B12: Cash and due from banks | C12: 639605.19 | D12: 795178.8 | E12: 840141.64 | F12: 546555.4 | G12: 383103.59
B13: Government Securities | C13: 1077027.6 | D13: 1023293.3 | E13: 1089683.7 | F13: 1330748.1 | G13: 1613137
B14: Repo Transactions | C14: 9741.9934 | D14: 0 | E14: 0 | F14: 95417.406 | G14: 223358.68
B15: Call | C15: -226324.44 | D15: -113515.77 | E15: -71848.002 | F15: -26987.519 | G15: 0
B16: Liquid AR$ Assets | C16: 1500050.4 | D16: 1704956.4 | E16: 1857977.4 | F16: 1945733.4 | G16: 2219599.2
B17: Total AR$ Deposits | C17: 3616997.8 | D17: 3726134.6 | E17: 3959707.9 | F17: 3776580.5 | G17: 3743866.6
B18: Liquid AR$ Assets / Total AR$ Deposits | C18: 0.4147225 | D18: 0.45756703 | E18: 0.46922082 | F18: 0.51521037 | G18: 0.5928628

Sheet Reserve Requirements
B2: Minimum Cash Reserve Requirements on AR$ Deposits (Avg. Balance. AR$ MM.) | C2: mar 26 | D2: dec 25 | E2: sep 25 | F2: jun 25 | G2: mar 25
B3: Cash | C3: 674794.8 | D3: 760196.24 | E3: 696156.68 | F3: 356839.39 | G3: 272628.63
B4: Government Securities | C4: 744122.73 | D4: 610142.16 | E4: 580732.09 | F4: 281418.8 | G4: 277455.18
B5: Leliq | C5: #REF! | D5: #REF! | E5: #REF! | F5: #REF! | G5: #REF!
B6: Special Deduction1 | C6: 107065.55 | D6: 107023.57 | E6: 106621.76 | F6: 110494.16 | G6: 160129.75
B7: Total Cash Reserve Requirements | C7: 1525983.1 | D7: 1477362 | E7: 1383510.5 | F7: 748752.34 | G7: 710213.57
B9: Minimum Cash Reserve Requirements on U$S (Avg. Balance. US$ MM.) | C9: mar 26 | D9: dec 25 | E9: sep 25 | F9: jun 25 | G9: mar 25
B10: Cash | C10: 457.408 | D10: 576.176 | E10: 529.984 | F10: 458.837 | G10: 441.197
B11: Total Cash Reserve Requirements | C11: 457.408 | D11: 576.176 | E11: 529.984 | F11: 458.837 | G11: 441.197

Sheet Dividends & Capital Injections
B2: Dividends & Capital Injections (AR$ million, US$million) | C2: Date | D2: Dividends Received | E2: Dividends Paid
B3: Grupo Supervielle | C3: May 25 | E3: 27137
B4: Supervielle Seguros | C4: Apr 25 | D4: 5700
C5: May 25 | D5: 2850
C6: Nov 25 | D6: 4750
B7: Supervielle Productores Asesores de Seguros | C7: Dec 25 | D7: 2000
C8: Apr 26 | D8: 5600
B9: Supervielle Asset Management | C9: Mar 25 | D9: 14557
C10: Mar 26 | D10: 20564
B11: Sofital | C11: May 25 | D11: 1410
C12: Dec 25 | D12: 50
C13: Apr 26 | D13: 1500
B14: Mila | C14: May 25 | D14: 3279

Sheet Segments
B2: Personal & Business Banking – Highlights | F2: % Change
B3: (In millions of Ps. stated in terms of the measuring unit current at the end of the reporting period) | C3: 1Q26 | D3: 4Q25 | E3: 1Q25 | F3: QoQ | G3: YoY
B4: Income Statement
B5: Net Interest Income | C5: 109320.19 | D5: 114273.23 | E5: 88923.314 | F5: -0.043343818 | G5: 0.22937601
B6: NIIFI & Exchange rate differences | C6: 1463.615 | D6: 3399.847 | E6: 348.941 | F6: -0.56950563 | G6: 3.1944483
B7: Net Financial Income | C7: 110783.8 | D7: 117673.07 | E7: 89272.255 | F7: -0.058545849 | G7: 0.24096567
B8: Net Service Fee Income | C8: 27737.636 | D8: 26076.854 | E8: 31142.402 | F8: 0.063687974 | G8: -0.10932895
B9: Other Income (Expenses), net | C9: -14901.271 | D9: -26165.381 | E9: -22832.388 | F9: -0.43049669 | G9: -0.34736257
B10: Net Operating Revenue, before Loan Loss Provisions | C10: 123620.17 | D10: 117584.55 | E10: 97582.269 | F10: 0.051330061 | G10: 0.26683024
B11: Personnel and Administrative expenses and D&A | C11: -142795.01 | D11: -131666.97 | E11: -124560.06 | F11: 0.084516575 | G11: 0.14639485
B12: RECPPC | C12: -49.29 | D12: -22.662 | E12: -405.61 | F12: 1.1750066 | G12: -0.87847933
B13: Loan Loss Provisions | C13: -62632.65 | D13: -106772.34 | E13: -43050.335 | F13: -0.41340005 | G13: 0.45487021
B14: Profit / (Loss) before Income Tax | C14: -81856.778 | D14: -120877.42 | E14: -70433.732 | F14: -0.32281168 | G14: 0.16218147
B15: Attributable Net Income / (Loss) | C15: -53682.14 | D15: -78246.504 | E15: -45752.556 | F15: -0.31393561 | G15: 0.17331456
B16: Adjusted Attributable Net Income / (Loss) | C16: -34869.19
B17: Balance Sheet
B18: Loans (Net of LLP) | C18: 1809158.6 | D18: 2014012.1 | E18: 2005255.6 | F18: -0.10171412 | G18: -0.097791536
B19: Receivables from Financial Leases (Net of LLP | C19: 56014.771 | D19: 56954.268 | E19: 40584.587 | F19: -0.016495638 | G19: 0.38019813
B20: Total Loan Portfolio (Net of LLP) | C20: 1865173.4 | D20: 2070966.4 | E20: 2045840.2 | F20: -0.099370505 | G20: -0.088309362
B21: Deposits | C21: 2511719.7 | D21: 2372973.1 | E21: 1799218 | F21: 0.058469555 | G21: 0.39600638
B23: Corporate Banking – Highlights | F23: % Change
B24: (In millions of Ps. stated in terms of the measuring unit current at the end of the reporting period) | C24: 1Q26 | D24: 4Q25 | E24: 1Q25 | F24: QoQ | G24: YoY
B25: Income Statement
B26: Net Interest Income | C26: 27703.99 | D26: 34234.764 | E26: 19379.469 | F26: -0.19076439 | G26: 0.42955362
B27: NIIFI & Exchange rate differences | C27: -773.755 | D27: -411.081 | E27: 1594.461 | F27: na | G27: na
B28: Net Financial Income | C28: 26930.235 | D28: 33823.683 | E28: 20973.93 | F28: -0.20380536 | G28: 0.28398612
B29: Net Service Fee Income | C29: 5392.824 | D29: 6245.29 | E29: 4264.264 | F29: -0.13649742 | G29: 0.26465528
B30: Other Income (Expenses), net | C30: -9662.717 | D30: -9449.185 | E30: -5044.326 | F30: 0.022597928 | G30: 0.91556156
B31: Net Operating Revenue, before Loan Loss Provisions | C31: 22660.342 | D31: 30619.788 | E31: 20193.868 | F31: -0.25994452 | G31: 0.12213975
B32: Personnel and Administrative expenses and D&A | C32: -22666.337 | D32: -19875.117 | E32: -19432.48 | F32: 0.14043792 | G32: 0.16641504
B33: RECPPC | C33: 0 | D33: 0 | E33: 0
B34: Loan Loss Provisions | C34: -4180.551 | D34: -12611.189 | E34: 1072.303 | F34: na | G34: na
B35: Profit / (Loss) before Income Tax | C35: -4186.546 | D35: -1866.518 | E35: 1833.691 | F35: 1.2429711 | G35: na
B36: Attributable Net Income / (Loss) | C36: -2834.399 | D36: -1134.12 | E36: 1191.9 | F36: 1.4992056 | G36: na
B37: Adjusted Attributable Net Income / (Loss) | C37: -688.099
B38: Balance Sheet
B39: Loans (Net of LLP) | C39: 1924311.8 | D39: 1951116 | E39: 956828.64 | F39: -0.013737844 | G39: 1.0111353
B40: Receivables from Financial Leases (Net of LLP | C40: 58857.85 | D40: 56861.156 | E40: 55854.453 | F40: 0.035115255 | G40: 0.053771845
B41: Total Loan Portfolio (Net of LLP) | C41: 1983169.7 | D41: 2007977.1 | E41: 1012683.1 | F41: -0.01235444 | G41: 0.958332
B42: Loans and financing & off balance guarantees | C42: 2112056.8 | D42: 2141734.3 | E42: 1192843.4 | F42: -0.013856763 | G42: 0.77060687
B43: Deposits | C43: 1134031.1 | D43: 1308431.2 | E43: 1069700.3 | F43: -0.13328948 | G43: 0.060139107
B45: Treasury Segment – Highlights | F45: % Change
B46: (In millions of Ps. stated in terms of the measuring unit current at the end of the reporting period) | C46: 1Q26 | D46: 4Q25 | E46: 1Q25 | F46: QoQ | G46: YoY
B47: Income Statement
B48: Net Interest Income | C48: 72424.408 | D48: 101701.02 | E48: 91908.382 | F48: -0.28786938 | G48: -0.21199344
B49: NIIFI & Exchange rate differences | C49: 27615.165 | D49: -14126.55 | E49: 17155.354 | F49: na | G49: 0.60971117
B50: Results from Recognition of Financial Instruments at amortized cost | C50: 594.949 | D50: 8004.837 | E50: 5220.073 | F50: -0.92567631 | G50: -0.88602669
B51: Net Financial Income | C51: 100634.52 | D51: 95579.304 | E51: 114283.81 | F51: 0.052890299 | G51: -0.11943325
B52: Other Income (Expenses), net | C52: -13417.169 | D52: -10344.844 | E52: -4012.26 | F52: 0.29699095 | G52: 2.3440428
B53: Net Operating Revenue, before Loan Loss Provisions | C53: 87217.353 | D53: 85234.46 | E53: 110271.55 | F53: 0.023263983 | G53: -0.20906749
B54: Personnel and Administrative expenses and D&A | C54: -9994.628 | D54: -12807.125 | E54: -9115.634 | F54: -0.21960409 | G54: 0.096427083
B55: RECPPC | C55: -28286.251 | D55: -27222.065 | E55: -44915.875 | F55: 0.039092773 | G55: -0.37023934
B56: Profit / (Loss) before Income Tax | C56: 48698.237 | D56: 47568.902 | E56: 56243.927 | F56: 0.023741036 | G56: -0.13416008
B57: Attributable Net Income / (Loss) | C57: 29918.386 | D57: 32427.128 | E57: 38852.704 | F57: -0.077365532 | G57: -0.22995357
B58: Adjusted Attributable Net Income / (Loss) | C58: 32180.386
B59: Consumer Finance Lending Business* | C59: 1Q21 | D59: 4Q20 | E59: 1Q20
B60: Avg. Assets | C60: 10488.217 | D60: 9732.1473 | E60: 12239.28
B61: Net Financial Income | C61: 795.42292 | D61: 850.04215 | E61: 673.79959
B62: Loan Loss Provisions | C62: 208.64024 | D62: 307.26555 | E62: 234.463
B63: Personnel & Administrative Expenses | C63: 641.7706 | D63: 601.56428 | E63: 748.13269
B64: Attributable Net Income | C64: -235.96118 | D64: -203.02019 | E64: -313.00265
B65: Net Financial Income / Average Assets** | C65: 0.30335868 | D65: 0.34937497 | E65: 0.2202089
B66: Loan Loss Provisions / Average Assets** | C66: 0.079571291 | D66: 0.1262889 | E66: 0.076626403
B67: Operating Expenses /Average Assets** | C67: 0.2447587 | D67: 0.24724833 | E67: 0.24450219
B68: ROAA** | C68: -0.089990962 | D68: -0.083443121 | E68: -0.10229446
B69: ROAE** | C69: -0.30160999 | D69: -0.24163557 | E69: -0.3188839
B70: Assets / Shareholders´Equity | C70: 3.3515587 | D70: 2.8958117 | E70: 3.1173134
B73: Insurance Segment – Highlights | F73: % Change
B74: (In millions of Ps. stated in terms of the measuring unit current at the end of the reporting period) | C74: 1Q26 | D74: 4Q25 | E74: 1Q25 | F74: QoQ | G74: YoY
B75: Net Financial Income | C75: 2928.87 | D75: 4948.654 | E75: 1556.33 | F75: -0.40814816 | G75: 0.88190808
B76: Net Service Fee Income | C76: 7559.541 | D76: 8004.913 | E76: 9562.192 | F76: -0.055637332 | G76: -0.2094343
B77: Other Income (Expenses), net | C77: 23.862 | D77: -25.618 | E77: 31.574 | F77: -1.9314544 | G77: -0.2442516
B78: Net Operating Revenue, before Loan Loss Provisions | C78: 10512.273 | D78: 12927.949 | E78: 11150.096 | F78: -0.18685686 | G78: -0.057203364
B79: Personnel and Administrative expenses and D&A | C79: -1930.937 | D79: -1117.121 | E79: -1253.104 | F79: 0.72849405 | G79: 0.54092318
B80: RECPPC | C80: -2822.844 | D80: -2360.74 | E80: -3017.351 | F80: 0.1957454 | G80: -0.064462835
B81: Profit before Income Tax | C81: 5758.492 | D81: 9450.088 | E81: 6879.641 | F81: -0.39064144 | G81: -0.16296621
B82: Attributable Net Income | C82: 3773.281 | D82: 6640.733 | E82: 4394.457 | F82: -0.43179751 | G82: -0.14135444
B83: Adjusted Attributable Net Income | C83: 4353.081
B84: Gross written premiums | C84: 11954.997 | D84: 12593.621 | E84: 15938.37 | F84: -0.050710099 | G84: -0.24992349
B85: Claims Paid | C85: 2279.6389 | D85: 2521.6976 | E85: 3030.3734 | F85: -0.095990399 | G85: -0.24773665
B86: Combined Ratio | C86: 0.68551697 | D86: 0.61209181 | E86: 0.59622651
B87: Adjusted Combined Ratio | C87: 0.611
B89: Asset Management & Others Segment Highlights | F89: % Change
B90: (In millions of Ps. stated in terms of the measuring unit current at the end of the reporting period) | C90: 1Q26 | D90: 4Q25 | E90: 1Q25 | F90: QoQ | G90: YoY
B91: Net Interest Income | C91: 1140.494 | D91: 14100.419 | E91: -3983.23 | F91: na | G91: na
B92: NIIFI & Exchange rate differences | C92: 10961.081 | D92: 1367.86 | E92: 9921.148 | F92: 7.0133062 | G92: 0.10481983
B93: Net Financial Income | C93: 12101.575 | D93: 15468.279 | E93: 5937.918 | F93: -0.21765214 | G93: 1.0380165
B94: Net Service Fee Income | C94: 19237.959 | D94: 25282.113 | E94: 26441.117 | F94: -0.23906839 | G94: -0.27242261
B95: Other Income (Expenses), net | C95: 2489.246 | D95: 4303.222 | E95: 2304.381 | F95: -0.42153902 | G95: 0.080223279
B96: Net Operating Revenue, before Loan Loss Provisions | C96: 33828.78 | D96: 45053.614 | E96: 34683.416 | F96: -0.24914392 | G96: -0.024641056
B97: Personnel and Administrative expenses and D&A | C97: -13865.327 | D97: -17475.55 | E97: -11293.187 | F97: -0.20658709 | G97: 0.22776033
B98: RECPPC | C98: -8399.629 | D98: -7046.709 | E98: -6370.61 | F98: 0.19199317 | G98: 0.31849682
B99: Profit before Income Tax | C99: 17282.024 | D99: 30327.092 | E99: 23196.452 | F99: -0.43014569 | G99: -0.25497123
B100: Attributable Net Income | C100: 13710.281 | D100: 23716.068 | E100: 16771.073 | F100: -0.42189907 | G100: -0.18250424
B101: SAM-Assets Under Management (nominal terms) | C101: 1162237.4 | D101: 1151449.3 | E101: 1385808.4 | F101: 0.0093691245 | G101: -0.16132897
B102: SAM. Market Share | C102: 0.014882465 | D102: 0.0161 | E102: 0.02385
B103: IOL-Assets Under Management (nominal terms) | C103: 3616593.8 | D103: 3164912 | E103: 2048802 | F103: 0.14271542 | G103: 0.76522368
B104: IOL-Active Customers (#thousands) | C104: 596.073 | D104: 565.614 | E104: 569.116 | F104: 0.053851213 | G104: 0.047366442
B105: IOL-Daily Average Revenue Trades (nominal terms) | C105: 100715.32 | D105: 94466.99 | E105: 93720.564 | F105: 0.066143041 | G105: 0.074634208

Sheet GWP
B2: Gross written premiums by product | H2: % Change
B3: (in million) | C3: 1Q26 | D3: 4Q25 | E3: 3Q25 | F3: 2Q25 | G3: 1Q25 | H3: QoQ | I3: YoY
B4: Life insurance and total and permanent disability for debit balances | C4: - | D4: - | E4: - | F4: - | G4: - | H4: na | I4: na
B5: Mortgage Insurance | C5: 954.48565 | D5: 964.51068 | E5: 993.49847 | F5: 951.27476 | G5: 902.39278 | H5: -0.010393905 | I5: 0.057727496
B6: Personal accident Insurance | C6: 329.12098 | D6: 369.79729 | E6: 427.85728 | F6: 454.64196 | G6: 537.02722 | H6: -0.10999624 | I6: -0.38714284
B7: Protected Bag Insurance | C7: 820.13055 | D7: 864.79312 | E7: 1005.2221 | F7: 1206.2726 | G7: 1399.2428 | H7: -0.051645381 | I7: -0.41387547
B8: Broken Bones | C8: 155.11986 | D8: 176.44339 | E8: 200.05676 | F8: 212.9747 | G8: 244.55739 | H8: -0.12085196 | I8: -0.36571183
B9: Others | C9: 675.15665 | D9: 738.32411 | E9: 826.30045 | F9: 858.1107 | G9: 859.59002 | H9: -0.085555189 | I9: -0.2145597
B10: Home Insurance | C10: 1729.2019 | D10: 1868.1509 | E10: 2054.9457 | F10: 2185.6102 | G10: 2496.7282 | H10: -0.074377861 | I10: -0.30741286
B11: Technology Insurance | C11: 566.83769 | D11: 530.10513 | E11: 610.62755 | F11: 721.74874 | G11: 846.2263 | H11: 0.069292978 | I11: -0.33015826
B12: ATM Insurance | C12: 404.33905 | D12: 428.08444 | E12: 520.11921 | F12: 583.5298 | G12: 642.20824 | H12: -0.055468936 | I12: -0.37039262
B13: Life Insurance | C13: 6320.6046 | D13: 6653.4116 | E13: 7232.5418 | F13: 7148.5778 | G13: 8010.3969 | H13: -0.050020498 | I13: -0.21094988
B14: Total | C14: 11954.997 | D14: 12593.621 | E14: 13871.169 | F14: 14322.741 | G14: 15938.37 | H14: -0.050710099 | I14: -0.24992349

Sheet Customers
B2: Active Customers evolution
C3: mar 26 | D3: dec 25 | E3: sep 25 | F3: jun 25 | G3: mar 25
B4: Bank- Personal & Business- Individuals | C4: 1098603 | D4: 1094446 | E4: 1102011 | F4: 1104546 | G4: 1092654
B5: Bank- Personal & Business- Social Plan Beneficiaries1 | C5: 154357 | D5: 174625 | E5: 174070 | F5: 204639 | G5: 244927
B6: Bank- Personal & Business- Small Businesses and SMEs | C6: 27763 | D6: 28176 | E6: 25976 | F6: 25528 | G6: 25286
B7: Bank- Corporate Banking | C7: 2637 | D7: 2601 | E7: 2213 | F7: 2127 | G7: 2094
B8: Total Bank Customers | C8: 1283360 | D8: 1299848 | E8: 1304270 | F8: 1336840 | G8: 1364961
B9: IUDÚ/Consumer Finance5 | C9: #REF! | D9: #REF! | E9: #REF! | F9: 0 | G9: 0
B10: IOL invertironline | C10: 596073 | D10: 565621 | E10: 567649 | F10: 545963 | G10: 604724
B11: Total Customers | C11: 1879433 | D11: 1865469 | E11: 1871919 | F11: 1882803 | G11: 1969685
B13: Customers-Gross Adds
C14: 1Q26 | D14: 4Q25 | E14: 3Q25 | F14: 2Q25 | G14: 1Q25
B15: Bank- Personal & Business- Individuals | C15: 83454 | D15: 76711 | E15: 120749 | F15: 84634 | G15: 41356
B16: Bank- Personal & Business- Small Businesses & SMEs | C16: 508 | D16: 670 | E16: 835 | F16: 843 | G16: 668
B17: Bank- Corporate Banking | C17: 67 | D17: 27 | E17: 15 | F17: 22 | G17: 204
B18: Bank Customers Gross Adds | C18: 84029 | D18: 77408 | E18: 121599 | F18: 85499 | G18: 42228
B19: IOL invertironline Gross Adds | C19: 157436 | D19: 122648 | E19: 128918 | F19: 110423 | G19: 154141
B20: Total Customers Gross Adds | C20: 241465 | D20: 200056 | E20: 250517 | F20: 195922 | G20: 42323

Sheet Employees
B2: Employees breakdown
C3: mar 26 | D3: dec 25 | E3: sep 25 | F3: jun 25 | G3: mar 25 | H3: QoQ | I3: YoY
B4: Bank | C4: 2686 | D4: 2917 | E4: 2941 | F4: 2980 | G4: 3012 | H4: -0.07919095 | I4: -0.10823373
B5: IUDÚ and TA | F5: 0 | G5: 0 | H5: na | I5: #DIV/0!
B6: Insurance | C6: 110 | D6: 128 | E6: 131 | F6: 140 | G6: 147 | H6: -0.140625 | I6: -0.25170068
B7: IOL | C7: 206 | D7: 192 | E7: 180 | F7: 165 | G7: 162 | H7: 0.072916667 | I7: 0.27160494
B8: SAM | C8: 12 | D8: 12 | E8: 11 | F8: 11 | G8: 12 | H8: 0 | I8: 0
B9: Cordial Servicios | C9: 38 | D9: 57 | E9: 59 | F9: 62 | G9: 65 | H9: -0.33333333 | I9: -0.41538462
B10: Other | C10: 40 | D10: 42 | E10: 40 | F10: 41 | G10: 44 | H10: -0.047619048 | I10: -0.090909091
B11: Total Employees | C11: 3092 | D11: 3348 | E11: 3362 | F11: 3399 | G11: 3442 | H11: -0.07646356 | I11: -0.10168507
